Workbook
Name nombre1: #REF!
Name nombre1: #REF!
Name nombre1: #REF!
Name nombre10: #REF!
Name nombre10: #REF!
Name nombre10: #REF!
Name nombre11: #REF!
Name nombre11: #REF!
Name nombre11: #REF!
Name nombre12: #REF!
Name nombre12: #REF!
Name nombre12: #REF!
Name nombre13: #REF!
Name nombre13: #REF!
Name nombre13: #REF!
Name nombre14: #REF!
Name nombre14: #REF!
Name nombre14: #REF!
Name nombre15: #REF!
Name nombre15: #REF!
Name nombre15: #REF!
Name nombre16: #REF!
Name nombre16: #REF!
Name nombre16: #REF!
Name nombre17: #REF!
Name nombre17: #REF!
Name nombre17: #REF!
Name nombre18: #REF!
Name nombre18: #REF!
Name nombre18: #REF!
Name nombre19: #REF!
Name nombre19: #REF!
Name nombre19: #REF!
Name nombre2: #REF!
Name nombre2: #REF!
Name nombre2: #REF!
Name nombre20: #REF!
Name nombre20: #REF!
Name nombre20: #REF!
Name nombre21: #REF!
Name nombre21: #REF!
Name nombre21: #REF!
Name nombre22: #REF!
Name nombre22: #REF!
Name nombre22: #REF!
Name nombre23: #REF!
Name nombre23: #REF!
Name nombre23: #REF!
Name nombre24: #REF!
Name nombre24: #REF!
Name nombre24: #REF!
Name nombre25: #REF!
Name nombre25: #REF!
Name nombre25: #REF!
Name nombre26: #REF!
Name nombre26: #REF!
Name nombre26: #REF!
Name nombre27: #REF!
Name nombre27: #REF!
Name nombre27: #REF!

Sheet CAPACIDAD JURIDICA
A1: MUNICIPIO DE RIONEGRO
A2: No. PROPUESTA | B2: PROPONENTE | C2: INTEGRANTES | D2: INTEGRANTES Y PORCENTAJE DE PARTICIPACION | E2: TAMAÑO EMPRESARIAL | F2: USUARIO SECOP ll | G2: CERTIFICADO DE EXISTENCIA Y REPRESENTACION LEGAL, con Fecha de expedición del certificado no mayor a treinta (30) días calendario anteriores a la fecha de cierre del proceso de contratación. | H2: PERSONAS NATURALES Deben presentar los siguientes documentos en copia simple: A.Persona natural de nacionalidad colombiana: cédula de ciudadanía. B.Persona natural extranjera con residencia en Colombia: cédula de extranjería vigente. C.Persona natural extranjera sin domicilio en Colombia: pasaporte. | I2: DOCUMENTO DE IDENTIDAD PERSONA JURIDICA REPRESENTANTE LEGAL PERSONA NATURAL CÉDULA | J2: REGISTRO UNICO TRIBUTARIO RUT | K2: NOMBRE Y DOCUMENTO DE IDENTIDAD DEL REPESENTANTE LEGAL DEL CONSORCIO | L2: AUTORIZACION PARA CONTRATAR- CUANDO SE TRATE DE PERSONA JURIDICA | M2: Documentos que acrediten la existencia y representación legal de la sociedad Extranjera | N2: CERTIFICACIÓN REVISOR SOCIEDAD ANÓNIMA (ABIERTA O CERRADA) | O2: CONFORMACIÓN DE PROPONENTE PLURAL- Conformación de Proponente Plural (ANEXO 5– Consorcios) (ANEXO 6– Uniones Temporales), de todas las personas naturales y/o jurídicas asociadas, con facultades suficientes para la representación sin limitaciones de todos y cada uno de los integrantes, en todos los aspectos que se requieran para la presentación de la oferta, para la suscripción y ejecución del contrato, así como también la facultad para firmar el acta de terminación y liquidación. | P2: CONSORCIO- UNION TEMPORAL Copia del documento de identificación del representante principal y suplente de la estructura plural. | Q2: REGISTRO UNICO DE PROPONENTE (RUP).Los proponentes obligados a estar inscritos en el Registro Único de Proponentes (RUP), deben aportar certificado con fecha de expedición no mayor a treinta (30) días calendario anteriores a la fecha de cierre del proceso de contratación. En caso de modificarse la fecha de cierre del proceso, se tendrá como referencia para establecer el plazo de vigencia del certificado la fecha originalmente establecida en el pliego de condiciones definitivo. | R2: ANEXO 1 - CARTA DE PRESENTACIÓN DE LA OFERTA firmado por Persona Natural o Representante Legal - La persona natural (Proponente individual o integrante de un Proponente Plural) que pretenda participar en el presente proceso, debe acreditar que posee título como Ingeniero Electricista o ingeniero en la respectiva rama de la ingeniería, para lo cual adjuntará copia de la tarjeta profesional y certificado de vigencia de la matrícula profesional expedida por la autoridad competente, vigente a la fecha de cierre de este procedimiento de selección | S2: ANEXO 3 - PAGOS DE SEGURIDAD SOCIAL Y APORTES LEGALES-ARTÍCULO 50 LEY 789 DE 2002 ( PERSONA JURIDICA)Cuando la persona jurídica está exonerada en los términos previstos en el artículo 65 de la Ley 1819 de 2016 debe indicarlo en el Formato 6 – Pagos de seguridad social y aportes legales. 3.4.2. PERSONAS NATURALES El Proponente persona natural debe acreditar la afiliación a los sistemas de seguridad social en salud y pensiones, aportando los certificados de afiliación respectivos o con el certificado de pago de la correspondiente planilla, pero no será obligatoria la presentación de este último. certificado no mayor a treinta (30) días | T2: REVISOR FISCAL | U2: CONSTANCIA DE RECIBO DE ADENDAS | V2: FORMATO COMPROMISO ANTICORRUPCION | W2: CONSTANCIA DE NO MULTAS Y SANCIONES | X2: FORMATO CERTIFICADO DE INHABILIDADES E INCOMPATIBILIDADES | Y2: FORMATO ESPECIFICACIONES TÉCNICAS | Z2: CERTIFICADO CONTRALORIA- PERSONA JURIDICA Y REPRESENTANTE LEGAL-La entidad debe Verificar los antecedentes judiciales en línea en los registros de las bases de datos, al igual que el certificado de antecedentes disciplinarios conforme el artículo 1 de la Ley 1238 de 2008 y el Registro Nacional de Medidas Correctivas del Ministerio de Defensa Nacional – Policía Nacional, de acuerdo con lo dispuesto en el artículo 184 de la Ley 1801 de 2016 – Código Nacional de Seguridad y Convivencia Ciudadana–. | AA2: CERTIFICADO PROCURADURÍA- PERSONA JURIDICA Y REPRESENTANTE LEGAL-La entidad debe verificar los antecedentes judiciales en línea en los registros de las bases de datos, al igual que el certificado de antecedentes disciplinarios conforme el artículo 1 de la Ley 1238 de 2008 y el Registro Nacional de Medidas Correctivas del Ministerio de Defensa Nacional – Policía Nacional, de acuerdo con lo dispuesto en el artículo 184 de la Ley 1801 de 2016 – Código Nacional de Seguridad y Convivencia Ciudadana–. | AB2: CERTIFICADO JUDICIAL-La entidad debe verificar los antecedentes judiciales en línea en los registros de las bases de datos, al igual que el certificado de antecedentes disciplinarios conforme el artículo 1 de la Ley 1238 de 2008 y el Registro Nacional de Medidas Correctivas del Ministerio de Defensa Nacional – Policía Nacional, de acuerdo con lo dispuesto en el artículo 184 de la Ley 1801 de 2016 – Código Nacional de Seguridad y Convivencia Ciudadana–. | AC2: REGISTRO DE MEDIDAS CORRECTIVAS DE LA POLICÍA -La entidad debe consultar los antecedentes judiciales en línea en los registros de las bases de datos, al igual que el certificado de antecedentes disciplinarios conforme el artículo 1 de la Ley 1238 de 2008 y el Registro Nacional de Medidas Correctivas del Ministerio de Defensa Nacional – Policía Nacional, de acuerdo con lo dispuesto en el artículo 184 de la Ley 1801 de 2016 – Código Nacional de Seguridad y Convivencia Ciudadana. | AD2: CONSULTA DE INHABILIDADES DE DELITOS SEXUALES COMETIDOS CONTRA MENORES DE 18 AÑOS -De acuerdo con lo dispuesto en la ley 1918 de 2018, la entidad contratante verificará que el proponente (persona natural o jurídica), favorecido no se encuentre con inhabilidades de delitos sexuales cometidos contra menores de 18 años, el cual debe haber sido expedido dentro de los treinta (30) días calendario anteriores a la fecha de presentación o por la entidad que tenga la competencia para expedir dicho certificado. ARTÍCULO 4. Deber de verificación. Es deber de las entidades públicas o privadas, de acuerdo a lo reglamentado por el Gobierno Nacional, verificar, previa autorización del aspirante, que este no se encuentra inscrito en el registro de inhabilidades por delitos sexuales cometidos contra personas menores edad, en el desarrollo de los procesos de selección de personal para el desempeño de cargos, oficios, profesiones que involucren una relación directa y habitual con menores previamente definidos por el Instituto Colombiano de Bienestar Familiar. | AE2: REGISTRO DE DEUDORES ALIMENTARIOS MOROSOS - La entidad verificará el soporte de Consulta Registro de Deudores Alimentarios Morosos – REDAM de la persona natural, o representante legal y o de cada uno de los integrantes del Consorcio o Unión Temporal según el caso. https://carpetaciudadana.and.gov.co/mas-informacion con fecha de expedición no mayor a tres (3) mes de antelación al cierre de la invitación. | AF2: GARANTIA DE SERIEDAD DE LA OFERTA-FECHA DE EXPEDICION, VIGENCIA, VALOR ASEGURADO, ENTIDAD ASEGURADA | AG2: CUMPLE/NO CUMPLE CAPACIDAD JURIDICA DEL PROPONENTE
A3: 1 | B3: FLUXES INGENIERIA SAS S.A.S.. NIT 901255513-1 | C3: N/A | D3: N/A | E3: PEQUEÑA EMPRESA | F3: Fluxes Ingeniería | G3: FECHA DE EXPEDICION:10/04/2025 ULTIMA RENOVACION 04 de Marzo de 2025 NIT 901255513-1 No. MATRICULA:21-638984-12 VIGENCIA O DURACION: Indefinida | H3: N/A | I3: JORGE MARIO RESTREPO MURCIA CC 1.020.427.428 | J3: Aporta RUT de FLUXES INGENIERIA S.A.S. con fecha de generación del 28/01/2025. ACTIVIDAD ECONOMICA: 4321 - 7112 | K3: N/A | L3: De acuerdo con el certificado de existencia y representacion legal, El representante Legal no tendrá restricciones de contratación por razón de la naturaleza ni de la cuantía de los actos que celebre. Por lo tanto, se entenderá que el representante legal podrá celebrar o ejecutar todos los actos y contratos comprendidos en el objeto social o que se relacionen directamente con la existencia y el funcinamiento de la sociedad. | M3: N/A | N3: N/A | O3: N/A | P3: N/A | Q3: FECHA DE EXPEDICION: 14/04/2025 ULTIMA RENOVACION: 28/03/2024 NIT 901.255.513-1 No. PROPONENTE: 901255513 | R3: PRESENTA CARTA DE PRESENTACIÓN DE LA OFERTA, DEBIDAMENTE FIRMADA POR EL REPRESENTANTE LEGAL JORGE MARIO RESTREPO MURCIA CC 1.020.427.428 No acredita que posee título como ingeniero eléctrico, y no adjunta el certificado de la vigencia de matrícula profesional expedida por el COPNIA o Consejo Profesional de Ingeniería de la respectiva rama de la ingeniería,. o la oferta avalada por un ingeniero eléctrico, para lo cual adjuntará el certificado de vigencia de matrícula profesional expedida de la respectiva rama de la ingeniería. SUBSANA: PRESENTANDO LA DOCUMENTACION QUE ACREDITA A JORGE MARIO RESTREPO MURCIA CC 1.020.427.428 COMO INGENIERO ELECTRICISTA | S3: SE ENCUENTRA EL FORMATO DEBIDAMENTE DILIGENCIADO POR EL REPRESENTANTE LEGAL, JORGE MARIO RESTREPO MURCIA CC 1.020.427.428 | T3: N/A | U3: Aporta anexo 11, debidamente diligenciada y suscrito por el representante legal | V3: Aporta anexo 2, debidamente diligenciada y suscrito por el representante legal | W3: Aporta anexo 8, debidamente diligenciada y suscrito por el representante legal | X3: Aporta anexo 4, debidamente diligenciada y suscrito por el representante legal | Y3: Aporta anexo 9, debidamente diligenciada y suscrito por el representante legal | Z3: PERSONA JURIDICA: FECHA DE CONSULTA: 15/04/2025 No DE IDENTIFICACION 9012555131 No. CODIGO DE VERIFICACION 9012555131250415130249 REPRESENTANTE LEGAL: FECHA DE CONSULTA:15/04/2025 No DE IDENTIFICACION 1020427428 No. CODIGO DE VERIFICACION 1020427428250415130240 NO SE ENCUENTAN REPORTADOS COMO RESPONSABLE FISCALES | AA3: PERSONA JURIDICA: 9012555131: FECHA DE CONSULTA: 15/04/2025 No. CERTIFICADO : 269131862 REPRESENTANTE LEGAL: 1020427428 FECHA DE CONSULTA: 15/04/2025 No. CERTIFICADO: 269131905 | AB3: REPRESENTANTE LEGAL: RESTREPO MURCIA JORGE MARIO FECHA DE CONSULTA: 15/04/2025 CEDULA DE CIUDADANIA 1020427428 NO PRESENTA ANTECEDENTES | AC3: REPRESENTANTE LEGAL: 1020427428 FECHA DE CONSULTA: 15/04/2025 No. CERTIFICADO: 114452778 | AD3: REPRESENTANTE LEGAL: RESTREPO MURCIA JORGE MARIO FECHA DE CONSULTA: 15/04/2025 CEDULA DE CIUDADANIA 1020427428 NO REGISTRA INHABILIDAD | AE3: REPRESENTANTE LEGAL: 1020427428 FECHA DE CONSULTA: 12/03/2025 CÓDIGO DE VERIFICACIÓN: 7H65BECMQP NO SE ENCUENTRA INSCRITO EN EL REGISTRO DE DEUDORES ALIMENTARIOS MOROSOS | AF3: ASEGURADORA: SEGUROS DEL ESTADO No. GARANTÍA: 21-44-101467102 FECHA DE EXPEDICIÓN: 08/04/2025 VIGENCIA: Desde 23/04/2025 Hasta 23/07/2025 VALOR ASEGURADO: $35.739.906,20 BENEFICIARIO ASEGURADO: MUNICIPIO DE RIONEGROO NIT 890.907.317-2 | AG3: CUMPLE
A4: 2 | B4: GAM INGENIERIA SAS NIT. 900854459-6 | C4: N/A | D4: N/A | E4: PEQUEÑA EMPRESA | F4: GAM INGENIERIA SAS | G4: FECHA DE EXPEDICION: 24/04/2025 ULTIMA RENOVACION 28 de Marzo de 2025 NIT 900.854.459-6 No. MATRICULA: 05-323257-16 VIGENCIA O DURACION: Indefinida | H4: N/A | I4: NESTOR JAVIER JACOME ORTIZ C.C. 1.095.816.909 | J4: Aporta RUT de GAM INGENIERIA S.A.S. con fecha de generación del 06/06/2023. ACTIVIDAD ECONOMICA: 7112 | K4: N/A | L4: DE ACUERDO AL CERTIFICADO DE EXISTENCIA Y REPRESENTACIÓN LEGAL , EL REPRESENTANTE LEGAL, QUIEN NO TENDRÁ RESTRICCIONES DE CONTRATACIÓN POR RAZÓN DE LA NATURALEZA NI DE LA CUANTÍA DE LOS ACTOS QUE CELEBRE. POR LO TANTO, SE ENTENDERÁ QUE EL REPRESENTANTE LEGAL PODRÁ CELEBRAR O EJECUTAR TODOS LOS ACTOS Y CONTRATOS COMPRENDIDOS EN EL OBJETO SOCIAL O QUE SE RELACIONEN DIRECTAMENTE CON LA EXISTENCIA Y EL FUNCIONAMIENTO DE LA SOCIEDAD | M4: N/A | N4: N/A | O4: N/A | P4: N/A | Q4: FECHA DE EXPEDICION: 21/04/2025 ULTIMA RENOVACION: 16/04/2024 NIT 900.854.459-6 No. PROPONENTE: 11508 | R4: PRESENTA CARTA DE PRESENTACIÓN DE LA OFERTA, DEBIDAMENTE FIRMADA POR NESTOR JAVIER JACOME ORTIZ C.C. 1.095.816.909 Y POR EL INGENIERO ELECTROMECANICO JHON FREDY REYES CAMPOS con cédula de ciudadanía 91.534.160 y MATRICULA PROFESIONAL SN250-156770 desde el 14 de julio de 2021, otorgado(a) mediante Resolución Nacional SN-31 del 17 de agosto de 2021. (Aporta certificado de matricula profesional, certificado de vigencia y no registro de sanciones a la fecha, expedidas por El Consejo Profesional Nacional de Ingenierias electricas, mecanica y Profesiones afines de Santander. | S4: SE ENCUENTRA EL FORMATO DEBIDAMENTE DILIGENCIADO POR EL REPRESENTANTE LEGAL, NESTOR JAVIER JACOME ORTIZ C.C. 1.095.816.909 | T4: N/A | U4: No aporta anexo 11. Subsanó Aportando el anexo 11, debidamente diligenciada y suscrito por el representante legal | V4: Aporta anexo 2, debidamente diligenciada y suscrito por el representante legal | W4: Aporta anexo 4, debidamente diligenciada y suscrito por el representante legal, donde incorpora que no ha sido objeto de multas y sanciones a consecuencia de incumplimientos cualquiera sea su denominacion, durante los ultimos dos (2) años. | X4: Aporta anexo 4, debidamente diligenciada y suscrito por el representante legal | Y4: Aporta anexo 9, debidamente diligenciada y suscrito por el representante legal | Z4: PERSONA JURIDICA: NO APORTA CERTIFICADO REPRESENTANTE LEGAL: FECHA DE CONSULTA:23/04/2025 No DE IDENTIFICACION 1.095.816.909 No. CODIGO DE VERIFICACION 1095816909250423080514 SUBSANÓ PRESENTANDO EL CERTIFICADO PERSONA JURIDICA: FECHA DE CONSULTA: 02/05/2025 No DE IDENTIFICACION 900854459 No. CODIGO DE VERIFICACION 900854459250502094042 | AA4: PERSONA JURIDICA: NO APORTA CERTIFICADO REPRESENTANTE LEGAL: FECHA DE CONSULTA:23/04/2025 No DE IDENTIFICACION 1.095.816.909 No. CODIGO DE VERIFICACION 269680444 SUBSANÓ PRESENTANDO EL CERTIFICADO PERSONA JURIDICA: 9008544596 FECHA DE CONSULTA: 02/05/2025 No. CERTIFICADO : 270549794 | AB4: REPRESENTANTE LEGAL: NESTOR JAVIER JACOME ORTIZ FECHA DE CONSULTA: 23/04/2025 CEDULA DE CIUDADANIA 1.095.816.909 NO PRESENTA ANTECEDENTES | AC4: REPRESENTANTE LEGAL: 1.095.816.909 FECHA DE CONSULTA: 23/04/2025 No. CERTIFICADO: 114725184 NO TIENE MEDIDAS CORRECTIVAS PENDIENTES POR CUMPLIR | AD4: REPRESENTANTE LEGAL: NESTOR JAVIER JACOME ORTIZ FECHA DE CONSULTA: 23/04/2025 CEDULA DE CIUDADANIA 1.095.816.909 NO REGISTRA INHABILIDAD | AE4: REPRESENTANTE LEGAL: 1.095.816.909 FECHA DE CONSULTA: 19/02/2025 CÓDIGO DE VERIFICACIÓN: DVHQ78RKZM NO SE ENCUENTRA INSCRITO EN EL REGISTRO DE DEUDORES ALIMENTARIOS MOROSOS | AF4: ASEGURADORA: COMPAÑÍA MUNDIAL DE SEGUROS S.A. No. GARANTÍA: B- 100061064 FECHA DE EXPEDICIÓN: 10/04/2025 VIGENCIA DESDE: 24/04/2025 HASTA 24/08/2025 VALOR ASEGURADO: $35.739.906,20 BENEFICIARIO ASEGURADO: MUNICIPIO DE RIONEGROO NIT 890.907.317-2 SUBSANÓ PRESENTANDO: ANEXO 1 DE LA POLIZA N° B-100061064, DONDE SE REFLEJA LA ANOTACIÓN DE QUE LA VIGENCIA REAL DE LA VIGENCIA VA DEL 23 ABRIL AL 24 DE AGOSTO DE 2025 | AG4: CUMPLE
A5: 3 | B5: HCR INGENIEROS SAS 900602753-6 | C5: N/A | D5: N/A | E5: PEQUEÑA EMPRESA | F5: HCR INGENIEROS SAS | G5: FECHA DE EXPEDICION: 20/04/2025 ULTIMA RENOVACION : 01/04/2024 NIT 900602753-6 No. MATRICULA: 05-259787-16 VIGENCIA O DURACION: Indefinida | H5: N/A | I5: CARLOS AUGUSTO REYES MORALES C.C 91.080.211 | J5: Aporta RUT de HCR INGENIEROS S.A.S. con fecha de generación del 07/01/2025. ACTIVIDAD ECONOMICA: 7112 -4321 | K5: N/A | L5: De acuerdo con el certificado de existencia y representacion legal, el representante legal segun el numeral 3 de las facultades y limitaciones puede: 3) EJECUTAR Y CELEBRAR TODOS LOS ACTOS O CONTRATOS COMPRENDIDOS DENTRO DEL GIRO ORDINARIO DE LOS NEGOCIOS SOCIALES, SIN LÍMITE DE CUANTÍA. | M5: N/A | N5: N/A | O5: N/A | P5: N/A | Q5: FECHA DE EXPEDICION:19/04/2025 ULTIMA RENOVACION: 10/04/2024 NIT 900602753-6 No. PROPONENTE: 9650 | R5: PRESENTA CARTA DE PRESENTACIÓN DE LA OFERTA, DEBIDAMENTE FIRMADA POR CARLOS AUGUSTO REYES MORALES C.C 91.080.211 Y POR EL INGENIERO ELECTRICISTA DILIO JOSE MENDEZ ABAD con cédula de ciudadanía 8.860.800 y MATRICULA PROFESIONAL SN205-68831 desde el 15 de diciembre de 2009, otorgado(a) mediante Resolución Nacional SN-6 del 19 de febrero de 2010. (Aporta certificado de matricula profesional, certificado de vigencia y no registro de sanciones a la fecha, expedidas por El Consejo Profesional Nacional de Ingenierias electricas, mecanica y Profesiones afines de Santander. | S5: SE ENCUENTRA EL FORMATO DEBIDAMENTE DILIGENCIADO POR EL REPRESENTANTE LEGAL, CARLOS AUGUSTO REYES MORALES C.C 91.080.211 | T5: N/A | U5: No aporta anexo 11. SUBSANÓ, Aportando anexo 11, debidamente diligenciada y suscrito por el representante legal | V5: Aporta anexo 2, debidamente diligenciada y suscrito por el representante legal | W5: Aporta anexo 8, debidamente diligenciada y suscrito por el representante legal | X5: Aporta anexo 4, debidamente diligenciada y suscrito por el representante legal | Y5: Aporta anexo 9, debidamente diligenciada y suscrito por el representante legal | Z5: PERSONA JURIDICA: FECHA DE CONSULTA: 19/04/2025 No DE IDENTIFICACION 900602753 No. CODIGO DE VERIFICACION 900602753250419160846 REPRESENTANTE LEGAL: FECHA DE CONSULTA:19/04/2025 No DE IDENTIFICACION 91080211 No. CODIGO DE VERIFICACION 91080211250419160752 NO SE ENCUENTAN REPORTADOS COMO RESPONSABLE FISCALES | AA5: PERSONA JURIDICA:900602753-6 FECHA DE CONSULTA: 19/04/2025 No. CERTIFICADO : 269314541 REPRESENTANTE LEGAL: 91080211 FECHA DE CONSULTA: 19/04/2025 No. CERTIFICADO: 269314504 | AB5: REPRESENTANTE LEGAL: CARLOS AUGUSTO REYES MORALES FECHA DE CONSULTA: 19/04/2025 CEDULA DE CIUDADANIA 91080211 NO PRESENTA ANTECEDENTES | AC5: REPRESENTANTE LEGAL: 91080211 FECHA DE CONSULTA: 19/04/2025 No. CERTIFICADO: 114559986 NO TIENE MEDIDAS CORRECTIVAS PENDIENTES POR CUMPLIR | AD5: NO PRESENTA CONSULTA DE INHABILIDADES DE DELITOS SEXUALES COMETIDOS CONTRA MENOR DE 18 AÑOS. SUBSANÓ PRESENTANDO EL CERTIFICADO INDICADO: REPRESENTANTE LEGAL: CARLOS AUGUSTO REYES MORALES FECHA DE CONSULTA: 20/04/2025 CEDULA DE CIUDADANIA 91080211 NO REGISTRA INHABILIDAD | AE5: REPRESENTANTE LEGAL: 91080211 FECHA DE CONSULTA: 20/04/2025 CÓDIGO DE VERIFICACIÓN: 6M72R4NEBX NO SE ENCUENTRA INSCRITO EN EL REGISTRO DE DEUDORES ALIMENTARIOS MOROSOS | AF5: ASEGURADORA: COMPAÑÍA MUNDIAL DE SEGUROS S.A. No. GARANTÍA: B-100061087 FECHA DE EXPEDICIÓN: 10/04/2025 VIGENCIA: Desde 23/04/2025 Hasta 23/07/2025 VALOR ASEGURADO: $35.739.906,20 BENEFICIARIO ASEGURADO: MUNICIPIO DE RIONEGROO NIT 890.907.317-2 | AG5: CUMPLE
A6: 4 | B6: NOGAALL S.A.S NIT 830090010-1 | C6: N/A | D6: N/A | E6: MEDIANA EMPRESA | F6: NOGAALL S.A.S | G6: FECHA DE EXPEDICION: 28/03/2025 ULTIMA RENOVACION : 21/03/2024 NIT 830090010-1 No. MATRICULA: 21-456526-12 VIGENCIA O DURACION: Indefinida | H6: N/A | I6: JORGE HERNANDO BELTRAN CATUMBA CC 80.882.815 | J6: Aporta RUT de NOGALL S.A.S. con fecha de generación del 04/09/2023. ACTIVIDAD ECONOMICA: 7112 | K6: N/A | L6: De acuerdo con el certificado de existencia y representacion legal, El representante legal podrá celebrar actos y/o contratos sin límite de cuantía, a nombre de la empresa o por medio de consorcios y/o uniones temporales y/o promesas de sociedad futura y/o cualquier forma asociativa permitida por la legislación colombiana. | M6: N/A | N6: N/A | O6: N/A | P6: N/A | Q6: FECHA DE EXPEDICION: 21/04/2025 ULTIMA RENOVACION: 19/04/2024 NIT 830.090.010-1 No. PROPONENTE: 830090010 | R6: PRESENTA CARTA DE PRESENTACIÓN DE LA OFERTA, DEBIDAMENTE FIRMADA POR EL REPRESENTANTE LEGAL JORGE HERNANDO BELTRAN CATUMBA C. C. No. 80,882,815 AVALADA POR EL INGENIERO ELECTRICISTA JOSE DARIO VARGAS BETANCUR con cédula de ciudadanía 71.213.807 y MATRICULA PROFESIONAL AN205-37925 desde el 05 de septiembre de 2003, otorgado(a) mediante Resolución Nacional AN-18 del 05 de septiembre de 2003. (Aporta copia de matricula profesional, certificado de vigencia y no registro de sanciones a la fecha, expedidas por El Consejo Profesional Nacional de Ingenierias electricas, mecanica y Profesiones afines.) | S6: SE ENCUENTRA EL FORMATO DEBIDAMENTE DILIGENCIADO POR REPRESENTANTE LEGAL JORGE HERNANDO BELTRAN CATUMBA Y EL REVISOR FISCAL MIGUEL ANTONIO VELASCO LEGARDA C.C. 79396669, QUIEN ADJUNTA , COPIA DE CEDULA, TARJETA PROFESIONAL 81587-T Y ANTEDECENTES DE JUNTA CENTRAL DE CONTADORES VIGENTE. | T6: MIGUEL ANTONIO VELASCO LEGARDA C.C. 79396669, T.P. 81587-T | U6: Aporta anexo 11, debidamente diligenciada y suscrito por el representante legal | V6: Aporta anexo 2, debidamente diligenciada y suscrito por el representante legal | W6: Aporta anexo 8, debidamente diligenciada y suscrito por el representante legal | X6: Aporta anexo 4, debidamente diligenciada y suscrito por el representante legal | Y6: Aporta anexo 9, debidamente diligenciada y suscrito por el representante legal | Z6: PERSONA JURIDICA: FECHA DE CONSULTA: 21/04/2025 No DE IDENTIFICACION 830090010-1 No. CODIGO DE VERIFICACION 8300900101250421155525 REPRESENTANTE LEGAL: FECHA DE CONSULTA:08/04/2025 No DE IDENTIFICACION 80882815 No. CODIGO DE VERIFICACION 80882815250408110655 NO SE ENCUENTAN REPORTADOS COMO RESPONSABLE FISCALES | AA6: PERSONA JURIDICA: 830090010-1 FECHA DE CONSULTA: 21/04/2025 No. CERTIFICADO : 269452616 REPRESENTANTE LEGAL: 80882815 FECHA DE CONSULTA: 11/04/2025 No. CERTIFICADO: 268902244 | AB6: REPRESENTANTE LEGAL: BELTRAN CATUMBA JORGE HERNANDO FECHA DE CONSULTA: 08/04/2025 CEDULA DE CIUDADANIA 80882815 NO PRESENTA ANTECEDENTES | AC6: REPRESENTANTE LEGAL: 80882815 FECHA DE CONSULTA: 08/04/2025 No. CERTIFICADO: 114018893. NO TIENE MEDIDAS CORRECTIVAS PENDIENTES POR CUMPLIR | AD6: REPRESENTANTE LEGAL: BELTRAN CATUMBA JORGE HERNANDO FECHA DE CONSULTA: 25/03/2025 CEDULA DE CIUDADANIA 80882815 NO REGISTRA INHABILIDAD | AE6: REPRESENTANTE LEGAL: 80882815 FECHA DE CONSULTA: 11/04/2025 CÓDIGO DE VERIFICACIÓN: 8E1GKU5M3S NO SE ENCUENTRA INSCRITO EN EL REGISTRO DE DEUDORES ALIMENTARIOS MOROSOS | AF6: ASEGURADORA: COMPAÑÍA MUNDIAL DE SEGUROS S.A. No. GARANTÍA: NB-100380182 FECHA DE EXPEDICIÓN: 21/04/2025 VIGENCIA: Desde 23/04/2025 Hasta 23/09/2025 VALOR ASEGURADO: $35.739.906,20 BENEFICIARIO ASEGURADO: MUNICIPIO DE RIONEGROO NIT 890.907.317-2 | AG6: CUMPLE
A7: 5 | B7: SERVICIOS Y MANTENIMIENTOS S & M SAS 829000511-1 | C7: N/A | D7: N/A | E7: MEDIANA EMPRESA | F7: S&M S.A.S | G7: FECHA DE EXPEDICION: 31/03/2025 ULTIMA RENOVACION : 31/03/2025 NIT 829000511-1 No. MATRICULA: 85649 VIGENCIA O DURACION: Indefinida Por Escritura Pública No. 348 del 13 de noviembre de 1996 de la Notaria Unica de Puerto Wilches, inscrita inicialmente en la Camara De Comercio De Barrancabermeja, el 14 de noviembre de 1996 bajo el No. 4702 del Libro IX y posteriormente inscrita en esta Cámara de Comercio el 31 de agosto de 2024 | H7: N/A | I7: FRANKSUEIDER MEJIA GALEANO C.C. 1.036.134.107 | J7: Aporta RUT de SERVICIOS Y MANTENIMIENTOS S&M S.A.S. con fecha de generación del 23/04/2025. ACTIVIDAD ECONOMICA: 4321 | K7: N/A | L7: De acuerdo con el certificado de existencia y representacion legal, el representante legal no tendrá restricciones de contratación por razón de la naturaleza ni de la cuantía de los actos que celebre. Por lo tanto, se entenderá que el representante legal podrá celebrar o ejecutar todos los actos y contratos comprendidos en el objeto social o que se relacionen directamente con la existencia y el funcionamiento de la sociedad. El representante legal se entenderá investido de los más amplios poderes para actuar en todas las circunstancias en nombre de la sociedad. | M7: N/A | N7: N/A | O7: N/A | P7: N/A | Q7: FECHA DE EXPEDICION: 19/04/2025 ULTIMA RENOVACION: 20/09/2024 NIT 829000511-1 No. PROPONENTE: 675 | R7: PRESENTA CARTA DE PRESENTACIÓN DE LA OFERTA, DEBIDAMENTE FIRMADA PORFRANKSUEIDER MEJIA GALEANO AVALADA POR EL INGENIERO ELECTRICISTA GUSTAVO ALBERTO OCAMPO OSORIO con cédula de ciudadanía 1032435605 con MATRICULA PROFESIONAL CN205-101744 desde el 12 de mayo de 2014, otorgada mediante Resolución Nacional CN-17 del 12 de mayo de 2014. (Aporta copia de cédula, copia de la tarjeta profesional, certificado de vigencia y no registro de sanciones a la fecha, expedidas por El Consejo Profesional Nacional de Ingenierias electricas, mecanica y Profesiones afines) | S7: SE ENCUENTRA EL FORMATO DEBIDAMENTE DILIGENCIADO POR LA REVISORA FISCAL GLORIA DULFARY ZAPATA MENESES, QUIEN ADJUNTA , COPIA DE CEDULA, TARJETA PROFESIONAL 151512-T Y ANTEDECENTES DE JUNTA CENTRAL DE CONTADORES VIGENTE | T7: GLORIA DULFARY ZAPATA MENESES C.C. 38288340, T.P. 151512-T | U7: Aporta anexo 11, debidamente diligenciada y suscrito por el representante legal | V7: Aporta anexo 2, debidamente diligenciada y suscrito por el representante legal | W7: Aporta anexo 8, debidamente diligenciada y suscrito por el representante legal | X7: Aporta anexo 4, debidamente diligenciada y suscrito por el representante legal | Y7: Aporta anexo 9, debidamente diligenciada y suscrito por el representante legal | Z7: PERSONA JURIDICA: FECHA DE CONSULTA: 30/04/2025 No DE IDENTIFICACION 829000511 No. CODIGO DE VERIFICACION 829000511250430154711 REPRESENTANTE LEGAL: FECHA DE CONSULTA:30/04/2025 No DE IDENTIFICACION 1036134107 No. CODIGO DE VERIFICACION 1036134107250430154646 NO SE ENCUENTAN REPORTADOS COMO RESPONSABLE FISCALES SUBSANÓ APORTANDO LOS DOCUMENTOS REQUERIDOS. | AA7: PERSONA JURIDICA: 8290005111 FECHA DE CONSULTA: 30/04/2025 No. CERTIFICADO : 270466481 REPRESENTANTE LEGAL: 1036134107 FECHA DE CONSULTA: 30/04/2025 No. CERTIFICADO: 270466213 SUBSANÓ APORTANDO LOS DOCUMENTOS REQUERIDOS. | AB7: REPRESENTANTE LEGAL: MEJIA GALEANO FRANKSUEIDER FECHA DE CONSULTA: 30/04/2025 CEDULA DE CIUDADANIA 1036134107 NO PRESENTA ANTECEDENTES. SUBSANÓ APORTANDO EL DOCUMENTO REQUERIDO. | AC7: REPRESENTANTE LEGAL:1036134107 FECHA DE CONSULTA: 30/04/2025 No. CERTIFICADO: 115175711 NO TIENE MEDIDAS CORRECTIVAS PENDIENTES POR CUMPLIR SUBSANÓ APORTANDO EL DOCUMENTO REQUERIDO. | AD7: REPRESENTANTE LEGAL: MEJIA GALEANO FRANKSUEIDER REPRESENTANTE LEGAL:1036134107 FECHA DE CONSULTA: 30/04/2025 NO REGISTRA INHABILIDAD SUBSANÓ APORTANDO EL DOCUMENTO REQUERIDO. | AE7: REPRESENTANTE LEGAL: 1036134107 FECHA DE CONSULTA: 12/03/2025 CÓDIGO DE VERIFICACIÓN: 1PH2Y5BCE9 NO SE ENCUENTRA INSCRITO EN EL REGISTRO DE DEUDORES ALIMENTARIOS MOROSOS | AF7: ASEGURADORA: SEGUROS DEL ESTADO No. GARANTÍA: 11-44-101253658 FECHA DE EXPEDICIÓN: 22/04/2025 VIGENCIA: Desde 23/04/2025 Hasta 23/07/2025 VALOR ASEGURADO: $35.739.906,20 BENEFICIARIO ASEGURADO: MUNICIPIO DE RIONEGROO NIT 890.907.317-2 | AG7: CUMPLE
A8: 6 | B8: SERVICIOS DE CONSULTORIA OBRAS Y BIENES SAS 900115339-0 | C8: N/A | D8: N/A | E8: PEQUEÑA EMPRESA | F8: SECOB SAS | G8: FECHA DE EXPEDICION: 23/04/2025 ULTIMA RENOVACION : 29/03/2025 NIT 900115339-0 No. MATRICULA: 58166 VIGENCIA O DURACION: Indefinida | H8: N/A | I8: DIEGO GERARDO ROJAS GOMEZ C.C. 74.859.089 | J8: Aporta RUT de SERVICIOS DE CONSULTORIA OBRAS Y BIENES S.A.S. con fecha de generación del 02/04/2025. ACTIVIDAD ECONOMICA: 7112 - 4321 - 4220 | K8: N/A | L8: De acuerdo con el certificado de existencia y representacion legal, el representante legal está facultado para ejecutar, a nombre de la sociedad, todos los actos y contratos relacionados directamente con el objeto social sin límite de cuantía. | M8: N/A | N8: N/A | O8: N/A | P8: N/A | Q8: FECHA DE EXPEDICION: 23/04/2025 ULTIMA RENOVACION: 03/04/2025 NIT 900115339-0 No. PROPONENTE: 2539 | R8: PRESENTA CARTA DE PRESENTACIÓN DE LA OFERTA, DEBIDAMENTE FIRMADA POR DIEGO GERARDO ROJAS GOMEZ Y AVALADA POR EL INGENIERO ELECTRICISTA SERGIO ANDRES PRADA ROBLES con cédula de ciudadanía 1101321199 con MATRICULA PROFESIONAL SN205-152259 desde el 26 de enero de 2021, otorgada mediante Resolución NacionalSN-3 del 26 de enero de 2021. (Aporta copia de cédula, copia de la tarjeta profesional, certificado de vigencia y no registro de sanciones a la fecha, expedidas por El Consejo Profesional Nacional de Ingenierias electricas, mecanica y Profesiones afines) | S8: SE ENCUENTRA EL FORMATO DEBIDAMENTE DILIGENCIADO POR EL REPRESENTANTE LEGAL DIEGO GERARDO ROJAS GOMEZ Y LA REVISORA FISCAL DORIS EDILMA HERNANDEZ PEREZ, QUIEN ADJUNTA , COPIA DE CEDULA, TARJETA PROFESIONAL 186528-T Y ANTEDECENTES DE JUNTA CENTRAL DE CONTADORES VIGENTE | T8: DORIS EDILMA HERNANDEZ PEREZ CON CEDULA 47437212, T.P 186528-T | U8: Aporta anexo 11, debidamente diligenciada y suscrito por el representante legal | V8: Aporta anexo 2, debidamente diligenciada y suscrito por el representante legal | W8: Aporta anexo 8, debidamente diligenciada y suscrito por el representante legal | X8: Aporta anexo 4, debidamente diligenciada y suscrito por el representante legal | Y8: Aporta anexo 9, debidamente diligenciada y suscrito por el representante legal | Z8: PERSONA JURIDICA: FECHA DE CONSULTA: 22/04/2025 No DE IDENTIFICACION 9001153390 No. CODIGO DE VERIFICACION 9001153390250422214315 REPRESENTANTE LEGAL: FECHA DE CONSULTA:22/04/2025 No DE IDENTIFICACION 74859089 No. CODIGO DE VERIFICACION 74859089250422214330 NO SE ENCUENTAN REPORTADOS COMO RESPONSABLE FISCALES | AA8: PERSONA JURIDICA: 9001153390 FECHA DE CONSULTA: 22/04/2025 No. CERTIFICADO : 269666720 REPRESENTANTE LEGAL: 74859089 FECHA DE CONSULTA: 22/04/2025 No. CERTIFICADO: 269666741 NO PRESENTAN SANCIONES NI HABILIDADES VIGENTES | AB8: REPRESENTANTE LEGAL: ROJAS GOMEZ DIEGO GERARDO FECHA DE CONSULTA: 22/04/2025 CEDULA DE CIUDADANIA 74859089 NO PRESENTA ANTECEDENTES | AC8: REPRESENTANTE LEGAL: 74859089 FECHA DE CONSULTA: 22/04/2025 No. CERTIFICADO: 114719588 - NO TIENE MEDIDAS CORRECTIVAS PENDIENTES POR CUMPLIR | AD8: REPRESENTANTE LEGAL: ROJAS GOMEZ DIEGO GERARDO FECHA DE CONSULTA: 22/04/2025 CEDULA DE CIUDADANIA 74859089 NO REGISTRA INHABILIDAD | AE8: REPRESENTANTE LEGAL: 74859089 FECHA DE CONSULTA: 22/04/2025 CÓDIGO DE VERIFICACIÓN: FZ9T32QXC6 NO SE ENCUENTRA INSCRITO EN EL REGISTRO DE DEUDORES ALIMENTARIOS MOROSOS | AF8: ASEGURADORA: SEGUROS DEL ESTADO No. GARANTÍA: 57-44-101007033 FECHA DE EXPEDICIÓN: 22/04/2025 VIGENCIA: Desde 23/04/2025 Hasta 08/08/2025 VALOR ASEGURADO: $35.739.906,20 BENEFICIARIO ASEGURADO: MUNICIPIO DE RIONEGROO NIT 890.907.317-2 | AG8: CUMPLE
A9: 7 | B9: SOCIEDAD DE INGENIEROS CONTRATISTAS RAMO ELECTRICO S.A.S SINCREL SAS 892002708-1 | C9: N/A | D9: N/A | E9: PEQUEÑA EMPRESA | F9: SINCREL SAS | G9: FECHA DE EXPEDICION: 21/04/2025 ULTIMA RENOVACION : 25/02/2025 NIT 892002708-1 No. MATRICULA: 13604 VIGENCIA O DURACION: Indefinida | H9: N/A | I9: YESICA FERNANDA BOLIVAR LADINO C.C. 1.121.950.023 | J9: Aporta RUT de SOCIEDAD DE INGENIEROS CONTRATISTAS RAMO ELECTRICO S.A.S. con fecha de generación del 02/04/2025. ACTIVIDAD ECONOMICA: 4321 - 7112 | K9: N/A | L9: De acuerdo con el certificado de existencia y representacion legal de Sincrel, indica que en las relaciones frente a terceros, la sociedad quedara obligada por los actos y contratos celebrados por el representante legal siempre y cuando este autorizado legalmente. SUBSANÓ Aportando la autorización de la Asamblea de accionistas con fecha del 14 de abril de 2025, que lo faculta para ejecutar y contratar a nombre de la sociedad, una cuantía por valor de $ 400,000,000 mismo valor que cumple con lo requerido en el CM 001 2025. | M9: N/A | N9: N/A | O9: N/A | P9: N/A | Q9: FECHA DE EXPEDICION: 22/04/2025 ULTIMA RENOVACION: 13/03/2025 NIT 892002708-1 No. PROPONENTE: 663 | R9: PRESENTA CARTA DE PRESENTACIÓN DE LA OFERTA, DEBIDAMENTE FIRMADA POR YESICA FERNANDA BOLIVAR LADINO Y AVALADA POR EL INGENIERO ELECTRICISTA HOLMAN WBEIMAR SUAREZ NIÑO con cédula de ciudadanía 80040405 con MATRICULA PROFESIONAL CN205-54694, otorgada mediante Resolución Nacional CN-27 del 28 de septiembre de 2007. (Aporta copia de cédula, copia de la tarjeta profesional, certificado de vigencia y no registro de sanciones a la fecha, expedidas por El Consejo Profesional Nacional de Ingenierias electricas, mecanica y Profesiones afines) | S9: SE ENCUENTRA EL FORMATO DEBIDAMENTE DILIGENCIADO POR EL REPRESENTANTE LEGAL YESICA FERNANDA BOLIVAR LADINO. (SIN EMBARGO EN EL CERTIFICADO DE EXISTENCIA Y REPRESENTACIÓN LEGAL APARECE NOMBRADO EL REVISOR FISCAL DUMAR FREDY ALVAREZ HERNANDEZ , CON CEDULA 17347993 Y TARJETA PROFESIONAL 59287-T) SUBSANÓ: TODA VEZ QUE APORTA CARTA DE PAGO DE PARAFISCALES SUSCRITA POR LA REVISORA FISCAL Y LOS DOCUMENTOS REQUERIDOS DE LA SEÑORA LINA YANINNE RUBIANO LEÓN CON CEDULA 1118545943 Y T.P. 201920-T MISMA QUE SE ENCUENTRA INSCRITA EN EL RUT DE LA EMPRESA. | T9: DUMAR FREDY ALVAREZ HERNANDEZ , CON CEDULA 17347993 Y T.P. 59287-T Y LINA YANINNE RUBIANO LEÓN CON CEDULA 1118545943 Y T.P. 201920-T | U9: No aporta anexo 11. Subsanó Aportando anexo 11, debidamente diligenciada y suscrito por el representante legal | V9: Aporta anexo 2, debidamente diligenciada y suscrito por el representante legal | W9: Aporta anexo 8, debidamente diligenciada y suscrito por el representante legal | X9: Aporta anexo 4, debidamente diligenciada y suscrito por el representante legal | Y9: No aporta Anexo 9. SUBSANÓ Aportando anexo 9, debidamente diligenciada y suscrito por el representante legal | Z9: REPRESENTANTE LEGAL: FECHA DE CONSULTA:22/04/2025 No DE IDENTIFICACION 1121950023 No. CODIGO DE VERIFICACION 1121950023250422103047 SUBSANÓ PRESENTANDO PERSONA JURIDICA: FECHA DE CONSULTA: 02/05/2025 No DE IDENTIFICACION 892002708 No. CODIGO DE VERIFICACION 892002708250502103842 NO SE ENCUENTAN REPORTADOS COMO RESPONSABLE FISCALES. | AA9: REPRESENTANTE LEGAL: 1121950023 FECHA DE CONSULTA: 23/04/2025 No. CERTIFICADO: 269676776 NO PRESENTA SANCIONES NI HABILIDADES VIGENTES. SUBSANÓ PRESENTANDO EL CERTIFICADO PERSONA JURIDICA: 8920027081 FECHA DE CONSULTA: 02/05/2025 No. CERTIFICADO : 270558330 | AB9: REPRESENTANTE LEGAL: BOLIVAR LADINO YESICA FERNANDA FECHA DE CONSULTA: 22/04/2025 CEDULA DE CIUDADANIA 1121950023 NO PRESENTA ANTECEDENTES | AC9: REPRESENTANTE LEGAL: 1121950023 FECHA DE CONSULTA: 22/04/2025 No. CERTIFICADO: 114669818 - NO TIENE MEDIDAS CORRECTIVAS PENDIENTES POR CUMPLIR | AD9: REPRESENTANTE LEGAL: BOLIVAR LADINO YESICA FERNANDA FECHA DE CONSULTA: 22/04/2025 CEDULA DE CIUDADANIA 1121950023 NO REGISTRA INHABILIDAD" | AE9: REPRESENTANTE LEGAL: 1121950023 FECHA DE CONSULTA: 22/04/2025 CÓDIGO DE VERIFICACIÓN: P4VT3678FR NO SE ENCUENTRA INSCRITO EN EL REGISTRO DE DEUDORES ALIMENTARIOS MOROSOS | AF9: ASEGURADORA: SEGUROS DEL ESTADO No. GARANTÍA: 30-44-101063292 FECHA DE EXPEDICIÓN: 21/04/2025 VIGENCIA: Desde 23/04/2025 Hasta 25/07/2025 VALOR ASEGURADO: $35.739.906,20 BENEFICIARIO ASEGURADO: MUNICIPIO DE RIONEGROO NIT 890.907.317-2 | AG9: CUMPLE
A10: 8 | B10: CONSORCIO ALUMBRADO PUBLICO CM 001 2025 | C10: CAMILO ANDRÉS ÁNGEL SALDARRIAGA 98.546.133-1 | D10: 0.5 | E10: MEDIANA EMPRESA | F10: ALUMBRADO PUBLICO CM 001 2025 | G10: N/A | H10: N/A | I10: CAMILO ANDRES ANGEL SALDARRIAGA C.C. 98.546.133 | J10: CAMILO ANDRES ANGEL SALDARRIAGA NIT. 98.546.133 -1 Fecha: 10/04/2025. ACTIVIDAD ECONOMICA: 7112 | K10: El representante del Consorcio es R CAMILO ANDRES ANGEL SALDARRIAGA C.C. 98.546.133 | L10: N/A | M10: N/A | N10: N/A | O10: Presenta MODELO DE ACUERDO DE CONSORCIO, con una duración igual al término de la ejecución y liquidación del contrato. SUBSANÓ el documento incluyendo la vigencia del Proponente Plural no inferior a la del plazo del contrato y un (1) año adicional. De conformidad con el numeral 4.2.1.3 del pliego de condiciones definitivo. | P10: El representante del Consorcio es CAMILO ANDRES ANGEL SALDARRIAGA C.C. 98.546.133 SUBSANÓ adjuntando la cedula del representante legal suplente del Consorcio RAFAEL EDUARDO ÁNGEL SALDARRIAGA, identificado con Cédula No. 71.687.238 . | Q10: FECHA DE EXPEDICION: 21/04/2025 ULTIMA RENOVACION: 05/04/2025 NIT 98.546.133-1 No. PROPONENTE: 98546133 | R10: "ADJUNTA CARTA DE PRESENTACIÓN DE LA OFERTA, DEBIDAMENTE FIRMADA POR EL REPRESENTANTE LEGAL DEL CONSORCIO CAMILO ANDRES ANGEL SALDARRIAGA C.C. 98.546.133 , AVALADA POR EL INGENIERO ELECTRICISTA Luis Guillermo Ramírez Piedrahita, C.C. No.71.751.344 y MATRICULA AN205-36932, mediante resolución No. AN-6 de 2003 el día 04 de Abril de 2003 | S10: SE ENCUENTRA EL FORMATO DEBIDAMENTE DILIGENCIADO POR EL REPRESENTANTE LEGAL | T10: N/A | U10: Aporta anexo 11, debidamente diligenciada y suscrito por el representante legal principal del consorcio. | V10: Aporta anexo 2, debidamente diligenciada y suscrito por el representante legal principal del consorcio Subsanó Aportando anexo 2 diligenciado y suscrito por el representante legal suplente del consorcio. | W10: Aporta anexo 8, debidamente diligenciada y suscrito por el representante legal Subsanó Aportando anexo 8 diligenciado y suscrito por el representante legal suplente del consorcio. | X10: Aporta anexo 4, debidamente diligenciada y suscrito por el representante legal Subsanó Aportando anexo 4 diligenciado y suscrito por el representante legal suplente del consorcio. | Y10: Aporta anexo 9, debidamente diligenciada y suscrito por el representante legal principal del consorcio | Z10: REPRESENTANTE LEGAL: FECHA DE CONSULTA:10/04/2025 No DE IDENTIFICACION 98546133 No. CODIGO DE VERIFICACION 98546133250410143918 NO SE ENCUENTRA REPORTADO COMO RESPONSABLE FISCAL | AA10: REPRESENTANTE LEGAL: 98546133: FECHA DE CONSULTA: 11/04/2025 No. CERTIFICADO: 268872767 NO REGISTRA SANCIONES NI INHABILIDADES VIGENTES | AB10: REPRESENTANTE LEGAL: 98546133 FECHA DE CONSULTA: 10/04/2025 NO TIENE MEDIDAS CORRECTIVAS PENDIENTES POR CUMPLIR | AC10: REPRESENTANTE LEGAL: 98546133 FECHA DE CONSULTA: 10/04/2025 No. CERTIFICADO: 114208302 | AD10: REPRESENTANTE LEGAL: ANGEL SALDARRIAGA CAMILO ANDRES FECHA DE CONSULTA: 2204/2025 CEDULA DE CIUDADANIA 98546133, NO REGISTRA INHABILIDAD" | AE10: EPRESENTANTE LEGAL: 98546133 FECHA DE CONSULTA: 10/04/2025 CÓDIGO DE VERIFICACIÓN: AY9RBELKSF NO SE ENCUENTRA INSCRITO EN EL REGISTRO DE DEUDORES ALIMENTARIOS MOROSOS | AF10: ASEGURADORA: COMPAÑÍA MUNDIAL DE SEGUROS S.A. No. GARANTÍA: M-100262021 FECHA DE EXPEDICIÓN: 15/04/2025 VIGENCIA: Desde 23/04/2025 Hasta 23/08/2025 VALOR ASEGURADO: $35.739.906,20 BENEFICIARIO ASEGURADO: MUNICIPIO DE RIONEGROO NIT 890.907.317-2 | AG10: CUMPLE
C11: ACERO Y CONCRETO S.A.S 811026401-5 | D11: 0.5 | E11: MEDIANA EMPRESA | G11: FECHA DE EXPEDICION: 21/04/2025 ULTIMA RENOVACION : 28 de Marzo de 2025 NIT 811026401-5 No. MATRICULA: 21-276123-12 VIGENCIA O DURACION: Indefinida | H11: N/A | I11: CAMILO ANDRES ANGEL SALDARRIAGA C.C. 98.546.133 | J11: ACERO Y CONCRETO S.A.S. NIT 811026401-5 Fecha: 15/04/2025. ACTIVIDAD ECONOMICA: 7112 | L11: De acuerdo con el certificado de existencia y representacion legal, El representante Legal tendrá restricciones de contratación por razón de la naturaleza y de la cuantía de los actos que celebre de conformidad con lo indicado en estos estatutos o en la Ley. Por lo tanto, se entenderá que el Gerente o Representante Legal podrá celebrar o ejecutar todos los actos y contratos comprendidos en el objeto social que se relacionen directamente con la existencia y el funcionamiento de la sociedad con las restricciones antes citadas si así se hubiere estipulado. SUBSANÓ Aportando Acta de Asamblea Extraordinaria dell 27 de agosto de 2012 que autoriza al gerente para comprometer ilimitadamente la sociedad en dinero sin necesidad de autorización previa de la Asamblea General de accionistas. | M11: N/A | N11: N/A | Q11: FECHA DE EXPEDICION: 23/04/2025 ULTIMA RENOVACION: 11/04/2025 NIT 811.026.401-5 No. PROPONENTE: 811026401 | S11: SE ENCUENTRA EL FORMATO DEBIDAMENTE DILIGENCIADO POR EL REVISORAFISCALANDRES FELIPE ZAPATA ORTEGA, C.C. 71.751.335, QUIEN ADJUNTA TARJETA PROFESIONAL T.P. No. 65583-T , CÉDULA Y ANTEDECENTES DE JUNTA CENTRAL DE CONTADORES VIGENTE | T11: ANDRES FELIPE ZAPATA ORTEGA, C.C. 71.751.335, T.P. No. 65583-T | Z11: PERSONA JURIDICA: FECHA DE CONSULTA: 11/04/2025 No DE IDENTIFICACION 811026401-5 No. CODIGO DE VERIFICACION 8110264015250411152245 NO SE ENCUENTRA REPORTADO COMO RESPONSABLE FISCAL Subsanó presentando certificado REPRESENTANTE LEGAL SUPLENTE: FECHA DE CONSULTA:30/04/2025 No DE IDENTIFICACION 71687238 No. CODIGO DE VERIFICACION 71687238250430103303 | AA11: PERSONA JURIDICA: 8110264015 FECHA DE CONSULTA: 11/04/2025 No. CERTIFICADO : 268895101 NO REGISTRA SANCIONES NI INHABILIDADES VIGENTES SubsanÓ presentando certificado REPRESENTANTE LEGAL SUPLENTE: 71687238 FECHA DE CONSULTA: 30/04/2025 No. CERTIFICADO: 270433221 | AB11: REPRESENTANTE LEGAL: 98546133 FECHA DE CONSULTA: 10/04/2025 NO TIENE ASUNTOS PENDIENTES CON LAS AUTORIDADES JUDICIALES Subsanó presentando certificado REPRESENTANTE LEGAL SUPLENTE: 71687238 FECHA DE CONSULTA: 30/04/2025 | AC11: REPRESENTANTE LEGAL: 98546133 FECHA DE CONSULTA: 10/04/2025 No. CERTIFICADO: 114208302 Subsanó presentando registro REPRESENTANTE LEGAL SUPLENTE: 71687238 FECHA DE CONSULTA: 30/04/2025 No. CERTIFICADO: 115141895 | AD11: REPRESENTANTE LEGAL: ANGEL SALDARRIAGA CAMILO ANDRES FECHA DE CONSULTA: 2204/2025 CEDULA DE CIUDADANIA 98546133, NO REGISTRA INHABILIDAD" Subsanó presentando consulta REPRESENTANTE LEGAL SUPLENTE: ANGEL SALDARRIAGA RAFAEL EDUARDO FECHA DE CONSULTA: 30/04/2025 CEDULA DE CIUDADANIA 71687238 NO REGISTRA INHABILIDAD | AE11: REPRESENTANTE LEGAL: 98546133 FECHA DE CONSULTA: 10/04/2025 CÓDIGO DE VERIFICACIÓN: AY9RBELKSF Subsanó presentando Registro REPRESENTANTE LEGAL SUPLENTE: 71687238 FECHA DE CONSULTA: 30/04/2025 CÓDIGO DE VERIFICACIÓN: PRSKQJ31WY NO SE ENCUENTRA INSCRITO EN EL REGISTRO DE DEUDORES ALIMENTARIOS MOROSOS
A12: 9 | B12: CONSORCIO INTER ALUMBRADO A&J | C12: ALTA CONSTRUCCIÓN S.A.S NIT 900.939.876-0 | D12: 0.5 | E12: MICRO EMPRESA | F12: Consorcio Inter Alumbrado A&J | G12: FECHA DE EXPEDICION: 15/04/2025 ULTIMA RENOVACION 07/04/2024 NIT 900.939.876-0 No. MATRICULA: 639.412 VIGENCIA O DURACION: Indefinida | H12: N/A | I12: JORGE ESTEBAN ALTAMAR MONCAYO CC 72.346.088 | J12: ALTA CONSTRUCCIIÓN SAS - IT NIT 900.939.876-0 Fecha: 03/04/2025 ACTIVIDAD MERCANTIL: 4290 | K12: El representante del Consorcio es JORGE ESTEBAN ALTAMAR MONCAYO CC 72.346.088 | L12: El Representante Legal de acuerdo con el certificado de existencia y representacion legal , no tendrá restricciones de contratación por razón de la naturaleza ni de la cuantía de los actos que celebre. Por lo tanto, se entenderá que el representante legal podrá ejecutar todos los actos y contratos comprendidos en el objeto social o que se relacionen directamente con la existencia y el funcionamiento de la sociedad. | M12: N/A | N12: N/A | O12: Presenta el anexo 5 MODELO DE ACUERDO DE CONSORCIO, con una duración igual al término de la ejecución y liquidación del contrato. Subsanó aportando el documento incluyendo vigencia del Proponente Plural no inferior a la del plazo del contrato y un (1) año adicional. De conformidad con el numeral 4.2.1.3 del pliego de condiciones definitivo. | P12: Presenta cédula del representante del Consorcio JORGE ESTEBAN ALTAMAR MONCAYO CC 72.346.088 de BARRANQUILLA, ATLANTICO. Presenta cédula del representante legal suplente del Consorcio LINA MARGARITA OSIO RODRIGUEZ C.C. 1.O19.025.226 | Q12: FECHA DE EXPEDICION: 14/04/2025 ULTIMA RENOVACION: 2024/05/16 NIT 900.939.876 - 0 No. PROPONENTE: 15.017 | R12: ADJUNTA CARTA DE PRESENTACIÓN DE LA OFERTA, DEBIDAMENTE FIRMADA POR EL REPRESENTANTE LEGAL DEL CONSORCIO JORGE ESTEBAN ALTAMAR MONCAYO CC 72.346.088o, INGENIERO ELECTRICISTA CON MATRICULA AN205-141028 desde el 27 de Mayo de 2019, otorgado(a) mediante Resolución AN-16 de 2019 | S12: SE ENCUENTRA EL FORMATO DEBIDAMENTE DILIGENCIADO POR LA REVISORA FISCAL LIA PATRICIA PÉREZ MUÑOZ, QUIEN ADJUNTA , COPIA DE CEDULA, TARJETA PROFESIONAL 58971-T Y ANTEDECENTES DE JUNTA CENTRAL DE CONTADORES VIGENTE | T12: LIA PATRICIA PÉREZ MUÑOZ, CON CEDULA 32.752.411, TARJETA PROFESIONAL 58971-T | U12: Aporta anexo 11, debidamente diligenciada y suscrito por el representante legal principal del consorcio | V12: Aporta anexo 2, debidamente diligenciada y suscrito por los representantes legales del consorcio | W12: Aporta anexo 8, debidamente diligenciada y suscrito por los representantes legales del consorcio | X12: Aporta anexo 4, debidamente diligenciada y suscrito por el representante legal | Y12: Aporta anexo 9, debidamente diligenciada y suscrito por el representante legal | Z12: "PERSONA JURIDICA:9009398760 FECHA DE CONSULTA: 23/04/2025 No DE IDENTIFICACION 9009398760 No. CODIGO DE VERIFICACION 9009398760250423094032 REPRESENTANTE LEGAL: FECHA DE CONSULTA:23/04/2025 No DE IDENTIFICACION 72.346.088: No. CODIGO DE VERIFICACION 72346088250423093948 NO SE ENCUENTRAN REPORTADOS COMO RESPONSABLES FISCALES | AA12: PERSONA JURIDICA: 9009398760 FECHA DE CONSULTA: 23/04/2025 No. CERTIFICADO : 269699576 REPRESENTANTE LEGAL: 72.346.088: FECHA DE CONSULTA: 23/04/2025 No. CERTIFICADO: 269699340 NO REGISTRA SANCIONES NI INHABILIDADES VIGENTES. | AB12: REPRESENTANTE LEGAL: ALTAMAR MONCAYO JORGE ESTEBAN FECHA DE CONSULTA: 23/04/2025 CEDULA DE CIUDADANIA 72.346.088 NO PRESENTA ANTECEDENTES | AC12: REPRESENTANTE LEGAL: 72346088 FECHA DE CONSULTA: 23/04/2025 No. CERTIFICADO: 114738255 NO TIENE MEDIDAS CORRECTIVAS PENDIENTES POR CUMPLIR | AD12: REPRESENTANTE LEGAL: ALTAMAR MONCAYO JORGE ESTEBAN FECHA DE CONSULTA: 23/04/2025 CEDULA DE CIUDADANIA 72346088, NO REGISTRA INHABILIDAD" | AE12: EPRESENTANTE LEGAL: 72346088 FECHA DE CONSULTA: 21/04/2025 CÓDIGO DE VERIFICACIÓN: QJ8VRD4ZBN NO SE ENCUENTRA INSCRITO EN EL REGISTRO DE DEUDORES ALIMENTARIOS MOROSOS | AF12: ASEGURADORA: COMPAÑÍA MUNDIAL DE SEGUROS S.A. No. GARANTÍA: M-100262347 FECHA DE EXPEDICIÓN: 22/04/2025 VIGENCIA: Desde 23/04/2025 Hasta 23/08/2025 VALOR ASEGURADO: $35.739.906,20 BENEFICIARIO ASEGURADO: MUNICIPIO DE RIONEGROO NIT 890.907.317-2 | AG12: CUMPLE
C13: JET INGENIERÍA SAS 802.024.876-8 | D13: 0.5 | E13: MEDIANA EMPRESA | G13: FECHA DE EXPEDICION: 09/04/2025 ULTIMA RENOVACION 19/03/2025 NIT 802.024.876-8 No. MATRICULA: 377.700 VIGENCIA O DURACION: Indefinida | H13: N/A | I13: LINA MARGARITA OSIO RODRIGUEZ CC 1.019.025.226 | J13: JET INGENIERÍA SOCIEDAD POR ACCIONES SIMPLIFICADA - NIT 802.024.876-8 Fecha: 19/02/2025. ACTIVIDAD ECONOMICA: 7112 -4290 | L13: El Representante Legal de acuerdo con el certificado de existencia y representacion legal, podrá celebrar y ejecutar todos los actos y contratos comprendidos en el objeto social o que se relacionen directamente con la existencia y funcionamiento de la sociedad sin restricción en límite de cuantía. El Gerente tendrá la facultad para firmar y presentar propuestas; y en caso de ser favorecidos con la adjudicación, firmar el contrato y tomar las determinaciones necesarias respecto de la ejecución y liquidación del mismo sin limitación para actuar. | M13: N/A | N13: N/A | Q13: FECHA DE EXPEDICION: 09/04/2025 ULTIMA RENOVACION: 2025/03/25 NIT 802.024.876 - 8 No. PROPONENTE: 13.174 | S13: SE ENCUENTRA EL FORMATO DEBIDAMENTE DILIGENCIADO POR EL REVISOR FISCAL JEFREY ELIAS VILLAR PADILLA, QUIEN ADJUNTA , COPIA DE CEDULA, TARJETA PROFESIONAL 237778-T Y ANTEDECENTES DE JUNTA CENTRAL DE CONTADORES VIGENTE | T13: JEFREY ELIAS VILLAR PADILLA CON CEDULA 1.143.439.582, CON TARJETA PROFESIONAL 237778-T | Z13: "PERSONA JURIDICA: FECHA DE CONSULTA: 25/03/2025 No DE IDENTIFICACION 8020248768 No. CODIGO DE VERIFICACION 8020248768250325094005 REPRESENTANTE LEGAL: FECHA DE CONSULTA:25/03/2025 No DE IDENTIFICACION 1019025226 No. CODIGO DE VERIFICACION 1019025226250325093723 | AA13: PERSONA JURIDICA: 8020248768 FECHA DE CONSULTA: 25/03/2025 No. CERTIFICADO : 267002476 REPRESENTANTE LEGAL:1.019.025.226 FECHA DE CONSULTA: 25/03/2025 No. CERTIFICADO: 267002340 NO REGISTRAN SANCIONES NI INHABILIDADES VIGENTES. | AB13: REPRESENTANTE LEGAL: OSIO RODRIGUEZ LINA MARGARITA FECHA DE CONSULTA: 25/03/2025 CEDULA DE CIUDADANIA 1019025226 NO PRESENTA ANTECEDENTES | AC13: REPRESENTANTE LEGAL: 1019025226 . FECHA DE CONSULTA: 25/03/2025 No. CERTIFICADO: 113023914 NO TIENE MEDIDAS CORRECTIVAS PENDIENTES POR CUMPLIR | AD13: REPRESENTANTE LEGAL: OSIO RODRIGUEZ LINA MARGARITA FECHA DE CONSULTA: 23/04/2025 CEDULA DE CIUDADANIA 1019025226 NO REGISTRA INHABILIDAD" | AE13: EPRESENTANTE LEGAL: 1019025226 FECHA DE CONSULTA: 25/03/2025 CÓDIGO DE VERIFICACIÓN: GS4YBWQNXT NO SE ENCUENTRA INSCRITO EN EL REGISTRO DE DEUDORES ALIMENTARIOS MOROSOS

Sheet ANTIGUEDAD Y EXPERIENCIA 
A1: MUNICIPIO DE RIONEGRO
A2: SECRETARIA DE DESARROLLO TERRITORIAL
A3: CM 001 2025 INTERVENTORÍA TÉCNICA, ADMINISTRATIVA Y FINANCIERA PARA LA VIGILANCIA Y CONTROL DE LA ADMINISTRACIÓN, OPERACIÓN, MANTENIMIENTO, EXPANSIÓN Y ACTIVIDADES CONEXAS COMPLEMENTARIAS, ASOCIADAS AL SISTEMA DE ALUMBRADO PÚBLICO DEL MUNICIPIO DE RIONEGRO.
A4: VALOR DEL CONTRATO EN SMMLV: 251,07
A5: EXPERIENCIA GENERAL El proponente debe acreditar la experiencia mediante la ejecución de contratos relacionados con el objeto del presente contrato. Para el presente proceso, se considerará “ADMISIBLE” al proponente que acredite en máximo CINCO (5) contratos ejecutados, teniendo por objeto o incluido en su alcance efectivamente realizado, la Interventoría de Redes de Alumbrado Público, y/o Construcción y/o Mantenimiento de Alumbrado Público. Cuya sumatoria sea igual o superior al 100% del presupuesto oficial expresado en SMMLV y que estén registrados en el RUP clasificados en al menos uno (01) de los siguientes códigos del Clasificador de Bienes y Servicios de las Naciones Unidas para Estandarizar Productos y Servicios (UNSPSC), en el tercer nivel: 811000, 811017, 801015, 801016, 831018, 721515 En el caso de los consorcios y/o uniones temporales, la experiencia, se verificará de acuerdo con la sumatoria de las experiencias de cada uno de los integrantes que la tengan de manera proporcional a su participación en el mismo. Cuando exista diferencia entre la información relacionada en el formato “EXPERIENCIA DEL PROPONENTE” y la consagrada en el RUP, prevalecerá la información reportada en el RUP. EXPERIENCIA GENERAL PROPONENTE PLURAL: El proponente plural deberá acreditar experiencia en las condiciones indicadas anteriormente, mediante contratos debidamente certificados en el Registro Único de Proponentes (RUP) en al menos uno de los códigos solicitados. El valor a acreditar por cada uno de los integrantes del consorcio, unión temporal u otra forma de asociación permitida por la ley, deberá corresponder a su porcentaje de participación en la forma asociativa y expresada en Salarios Mínimos Mensuales Legales Vigentes (SMMLV). En todo caso, cada integrante deberá acreditar como mínimo un (1) contrato, independientemente del número de integrantes de la forma asociativa. Si el proponente plural se conforma por un número mayor al número de contratos solicitados, el proponente informará cuales de los contratos aportados se deberán tener en cuenta para la verificación de la experiencia, sin perjuicio en todo caso de que, a cada uno de los integrantes de la forma asociativa, le corresponde acreditar un (1) contrato que corresponda a su porcentaje de participación en el correspondiente proponente plural. EXPERIENCIA GENERAL DIFERENCIAL – MIPYME, EMPRENDIMIENTOS Y EMPRESA DE MUJERES: 4.3.2.2.1 EXPERIENCIA PARA EMPRENDIMIENTOS Y EMPRESAS DE MUJERES: El proponente individual o plural que cuente con la calidad de emprendimiento o empresa de mujeres a los que se refieren los artículos 2.2.1.2.4.2.14 y 2.2.1.2.4.2.15 del Decreto 1082 de 2015, adicionados por el artículo 3 Decreto 1860 de 2021, deberá acreditar experiencia en las condiciones indicadas en la Experiencia General, no obstante, podrá acreditar experiencia hasta de un contrato adicional al exigido, además, la sumatoria de estos contratos deberá ser igual o superior a 10% menos de lo exigido frente al presupuesto oficial expresado en salarios mínimos mensuales legales vigentes SMMLV. 4.3.2.2.2 EXPERIENCIA PARA MIPYME: De acuerdo con el artículo 2.2.1.2.4.2.18 del Decreto 1082 de 2015, adicionado por el artículo 3 Decreto 1860 de 2021, el proponente individual o plural que cuente con la calidad de Mipyme deberá acreditar experiencia en las condiciones indicadas en la Experiencia General, no obstante, podrá acreditar experiencia hasta un contrato adicional al exigido, además, la sumatoria de estos contratos deberá ser igual o superior a 10% menos de lo exigido frente al presupuesto oficial expresado en salarios mínimos mensuales legales vigentes SMMLV.
A7: ANTIGÜEDAD Al menos con CINCO (5) años de constitución e inscripción ante la Cámara de Comercio con actividad relacionada a SUPERVISIÓN Y/O INTERVENTORIA DEL SERVICIO DE ALUMBRADO PÚBLICO en municipios de primera y segunda categoria. Para los consorcios o uniones temporales al menos uno de los integrantes debe cumplir esta condición de antigüedad de CINCO (5) años, pero ninguno de los integrantes puede tener una experiencia o antigüedad menor a TRES (3) años. | G7: EXPERIENCIA GENERAL El proponente debe acreditar la experiencia mediante la ejecución de contratos relacionados con el objeto del presente contrato. Para el presente proceso, se considerará “ADMISIBLE” al proponente que acredite en máximo CINCO (5) contratos ejecutados, teniendo por objeto o incluido en su alcance efectivamente realizado, la Interventoría de Redes de Alumbrado Público, y/o Construcción y/o Mantenimiento de Alumbrado Público. Cuya sumatoria sea igual o superior al 100% del presupuesto oficial expresado en SMMLV y que estén registrados en el RUP clasificados en al menos uno (01) de los siguientes códigos del Clasificador de Bienes y Servicios de las Naciones Unidas para Estandarizar Productos y Servicios (UNSPSC), en el tercer nivel: 811000, 811017, 801015, 801016, 831018, 721515 En el caso de los consorcios y/o uniones temporales, la experiencia, se verificará de acuerdo con la sumatoria de las experiencias de cada uno de los integrantes que la tengan de manera proporcional a su participación en el mismo. Cuando exista diferencia entre la información relacionada en el formato “EXPERIENCIA DEL PROPONENTE” y la consagrada en el RUP, prevalecerá la información reportada en el RUP.
A8: PROPUESTA | B8: PROPONENTE | C8: INTEGRANTES | D8: TIPO DE EMPRESA | E8: ANTIGÜEDAD | F8: CUMPLE / NO CUMPLE | H8: CONTRATO No.1 | I8: RUP | J8: CONTRATO No.2 | K8: RUP | L8: CONTRATO No.3 | M8: RUP | N8: CONTRATO No.4 | O8: RUP | P8: CONTRATO No.5 | Q8: RUP | R8: N° contratos | S8: PROMEDIO | T8: CUMPLE/NO CUMPLE EXPERIENCIA GENERAL DEL PROPONENTE | U8: OBSERVACIONES
A9: 1 | B9: FLUXES INGENIERIA SAS S.A.S.. NIT 901255513-1 | C9: N/A | D9: PEQUEÑA EMPRESA | E9: Fecga de matrícula 15 de Febrero de 2019 | F9: CUMPLE | G9: No Contrato, Contratante, contratista fecha de inicio fecha final | H9: SERVICIOS PROFESIONALES DE INGENIERÍA EN INTERVENTORÍA, SUPERVISIÓN TÉCNICA, ASESORÍA Y CONSULTORÍA EN PROYECTOS DE ALUMBRADO PÚBLICO Y GEORREFERENCIACIÓN, DISEÑOS ELÉCTRICOS Y DE ILUMINACIÓN. EL PROPONENTE ACLARA/SUBSANA E INDICA CON CUAL DE LOS 5 CONTRATOS APORTADOS ACREDITA LA EXPERIENCIA EN EL PROCESO, SIN EMBARGO Basado en el capítulo 5.1.1 del pliego de peticiones en EXPERIENCIA DEL PROPONENTE ()...Cuando un Proponente haya subsanado la totalidad de los contratos aportados, su oferta no será tenida en cuenta para aplicar las fórmulas para la ponderación de la experiencia del Proponente, por lo que, además, por este criterio de asignación de puntaje obtendrá cero (0) puntos. | R9: =+COUNTIF(H9:P9,"<>") -> 1 | S9: =+SUM(H10:P10)/R9 -> 606.9 | T9: CUMPLE | U9: EL PROPONENTE ACLARA/SUBSANA E INDICA CON CUAL DE LOS CONTRATOS APORTADOS ACREDITA LA EXPERIENCIA EN EL PROCESO, SIN EMBARGO Basado en el capítulo 5.1.1 del pliego de peticiones en EXPERIENCIA DEL PROPONENTE ()...Cuando un Proponente haya subsanado la totalidad de los contratos aportados, su oferta no será tenida en cuenta para aplicar las fórmulas para la ponderación de la experiencia del Proponente, por lo que, además, por este criterio de asignación de puntaje obtendrá cero (0) puntos. Lo anterior de conformidad con el concepto C ‒ 737 de 2022 de Colombia Compra Eficiente la entidad podrá: […] al momento de evaluar las ofertas recibidas, pueda realizar tal evaluación de manera adecuada y contando con los elementos de juicio suficientes y necesarios para la comprensión integral de cada documento contenido en la oferta, puede acudir a la facultad que le otorga expresamente el numeral 7 del artículo 30 de la Ley 80 de 1993. Dicha norma señala que entre los componentes que deberá contener el pliego de condiciones incluye al «plazo razonable dentro del cual la entidad deberá elaborar los estudios técnicos, económicos y jurídicos necesarios para la evaluación de las propuestas y para solicitar a los proponentes las aclaraciones y explicaciones que se estimen indispensables» (Cursiva fuera de texto). En ese sentido, la facultad de solicitar aclaraciones en cabeza de la entidad directora del proceso selección establecida, principal y genéricamente, en el artículo 30 de la Ley 80 de 1993, debe comprenderse bajo el entendido que el oferente cuya oferta requiera ser aclarada, no podrá, so pena de proceder de conformidad con el requerimiento de la entidad, realizar modificaciones que impliquen una mejora o alteración sustancial de la oferta, tal y como ha sido expresado por el Consejo de Estado. El oferente tiene la carga de presentar su oferta en forma íntegra, esto es, respondiendo todos los puntos del pliego de condiciones y adjuntando todos los documentos de soporte o prueba de las condiciones que pretenda hacer valer en el proceso. Pese a que la condicion del numeral 4.3.2 en el pliego fue clara en relacion a: "se considerará “ADMISIBLE” al proponente que acredite en máximo CINCO (5) contratos ejecutados" sin embargo, el proponente aporto 25 contratos en el anexo 10, lo que no permitio con claridad que la entidad identidicara cuales contratos serían los indicados para acreditar la experiencia minima requerida para ser habilitado en el proceso de selección, no obstante dicha aclaracio/subsanación, generó una modificación en el formato anexo 10 y al ser un criterio de doble funcionalidad, debido a que tambien otorgaba puntaje, afectaba la comparación de ofertas y los criterios para asignación de puntaje. En Colombia Compra Eficiente, la subsanación de la experiencia permite a los proponentes corregir o suplir errores en su documentación que acreditan su experiencia, sin afectar la asignación de puntaje ni la comparación de las ofertas. Esta regla, enmarcada en la Ley 1150 de 2007, busca priorizar la sustancia sobre la forma, evitando que defectos menores impidan la evaluación de una oferta.
G10: Valor (SMMLV) | H10: 606.9
A11: 2 | B11: GAM INGENIERIA SAS C.C. 900854459-6 | C11: N/A | D11: PEQUEÑA EMPRESA | E11: Fecha de matricula 01 de junio de 2015 | F11: CUMPLE | G11: No Contrato, Contratante, contratista fecha de inicio fecha final | H11: INTERVENTORÍA TÉCNICA, ADMINISTRATIVA, FINANCIERA, JURÍDICA, AMBIENTAL, DE SALUD OCUPACIONAL Y SEGURIDAD INDUSTRIAL A LOS CONTRATOS DE OBRA PUBLICA CUYO OBJETO SON: LA MODERNIZACIÓN DEL ALUMBRADO PÚBLICO DEL PARQUE LOS NIÑOS; CONSTRUCCIÓN DEL ALUMBRADO PUBLICO EN LA URBANIZACIÓN CAMPO MADRID Y; MODERNIZACIÓN Y MEJORAMIENTO DE LOS NIVELES DE ILUMINACIÓN DE LOS ESCENARIOS DEPORTIVOS DEL BARRIO ESTORAQUES I Y II DELMUNICIPIO DE BUCARAMANGA. 14/08/2015 13/02/2016 CODIGO UNSPSC. 811017, 801015, 801016, 831018 El proponete aclara el valor del contato y la organización revalida que En el capítulo 4.3.2 de los pliegos definitivos “EXPEPRIENCIA GENERAL (ADMISIBLE-NO ADMISIBLE) se detalla …() Cuando exista diferencia entre la información relacionada en el formato “EXPERIENCIA DEL PROPONENTE” y la consagrada en el RUP, prevalecerá la información reportada en el RUP. | I11: 2 | R11: 1 | S11: =+SUM(H12:P12)/R11 -> 410.9 | T11: CUMPLE | U11: En el capítulo 4.3.2 de los pliegos definitivos “EXPEPRIENCIA GENERAL (ADMISIBLE-NO ADMISIBLE) se detalla …() Cuando exista diferencia entre la información relacionada en el formato “EXPERIENCIA DEL PROPONENTE” y la consagrada en el RUP, prevalecerá la información reportada en el RUP.
G12: Valor (SMMLV) | H12: 410.9
A13: 3 | B13: HCR INGENIEROS SAS 900602753-6 | C13: N/A | D13: PEQUEÑA EMPRESA | E13: fecha de matricula 20 de marzo de 2013 | F13: CUMPLE | G13: No Contrato, Contratante, contratista fecha de inicio fecha final | H13: INTERVENTORÍA A LAS OBRAS CONSTRUCCIÓN DEL ALUMBRADO PÚBLICO CON LED EN EL SECTOR TRAMO 10 VÍA GIRON ENTRE CENFER Y PUERTA DEL SOL DEL MUNICIPIO DE BUCARAMANGA 14/02/2017 16/07/2018 CODIGO UNSPSC 801016 811017 | I13: 6 | J13: MODERNIZACIÓN DEL ALUMBRADO PÚBLICO DEL PARQUE LA LOMA DEL PARQUE LOS SARRAPIOS Y DE LAS VIAS PEATONALES UBICADAS ENTRE LAS CALLES 42 A 54 Y LAS CARRERAS 33 A 42 DEL MUNICIPIO DE BUCARAMANGA SANTANDER 22/03/2022 22/02/2023 CODIGO UNSPSC 801015 721515 | K13: 69 | R13: 2 | S13: =+SUM(H14:P14)/R13 -> 565.66 | T13: CUMPLE
G14: Valor (SMMLV) | H14: 598.14 | J14: 533.18
A15: 4 | B15: NOGAALL S.A.S NIT 830090010-1 | C15: N/A | D15: MEDIANA EMPRESA | E15: Fecha de matricula 06 de octubre de 2011 | F15: CUMPLE | G15: No Contrato, Contratante, contratista fecha de inicio fecha final | H15: InterventoríaTécnica,paraelmantenimiento,Operación,ExpansiónyadministracióndelAlumbradoPublicoenelperímetroUrbanoyRuraldel municipio de Bello. 28/01/2008 27/09/2009 CODIGO UNSPSC 811017 801016 831018 721515 | I15: 26 | R15: 1 | S15: =+SUM(H16:P16)/R15 -> 470.95 | T15: CUMPLE/
G16: Valor (SMMLV) | H16: 470.95
A17: 5 | B17: S & M SAS 829000511-1 | C17: N/A | D17: MEDIANA EMPRESA | E17: Por Escritura Pública No. 348 del 13 de noviembre de 1996 de la Notaria Unica de Puerto Wilches, inscrita inicialmente en la Camara De Comercio De Barrancabermeja, el 14 de noviembre de 1996 bajo el No. 4702 del Libro IX y posteriormente inscrita en esta Cámara de Comercio el 31 de agosto de 2024 | F17: CUMPLE | G17: No Contrato, Contratante, contratista fecha de inicio fecha final | H17: INTERVENTORIA A LA CONSTRUCCION DE REDES ELECTRICAS FASE I DE ALTA Y BAJA TENSIÓN, INSTALACION DE TRANSFORMADORES, INSTALACION DE ALUMBRADO PUBLICO Y REPOSICIÓN DE TENDIDO ELECTRICO, EN EL CORREGIMIENTO DE TAGANGA Y MINCA PERTENECIENTES A LA CIUDAD DE SANTA MARTA, DEPARTAMENTO DEL MAGDALENA, DE LA EMPRESA ELECTRIFICADORA DEL MAGDALENA S.A. 14/10/1998 1/05/1999 CODIGO UNSPSC 811017 801016 831018 | I17: 6 | R17: 1 | S17: =+SUM(H18:P18)/R17 -> 1101.43 | T17: CUMPLE
G18: Valor (SMMLV) | H18: 1101.43
A19: 6 | B19: SECOB SAS 900115339-0 | C19: N/A | D19: PEQUEÑA EMPRESA | E19: Fecha de matricula 26 de octubre de 2006 | F19: CUMPLE | G19: No Contrato, Contratante, contratista fecha de inicio fecha final | H19: INTERVENTORÍA TÉCNICA, ADMINISTRATIVA, FINANCIERA, AMBIENTAL, CONTABLE Y JURÍDICA AL CONTRATO QUE TIENE POR OBJETO "REALIZAR LA MODERNIZACIÓN EN TECNOLOGÍA LED DEL SISTEMA DE ALUMBRADO PÚBLICO (SALP) DEL MUNICIPIO DE AGUAZUL, CASANARE 30/03/2023 01/12/2024 CODIGO UNSPSC 811017 801015 801016 831018 721515 | I19: 97 | J19: INTERVENTORIA TÉCNICA, ADMINISTRATIVA, FINANCIERA, CONTABLE, JÚRIDICA Y AMBIENTAL A LA MODERNIZACIÓN (TECNOLOGÍA LED), EXPANSIÓN E INDEPENDIZACIÓN DE LAS REDES ELÉCTRICAS DE ALUMBRADO PÚBLICO CASCO URBANO DEL MUNICIPIO DE TAURAMENA CASANARE. 06/04/2022 05/04/2023 CODIGO UNSPSC 811017 801015 801016 831018 721515 | K19: 86 | R19: 2 | S19: =AVERAGE(H20,J20) -> 708.685 | T19: CUMPLE
G20: Valor (SMMLV) | H20: 1076.77 | J20: 340.6
A21: 7 | B21: SINCREL SAS 892002708-1 | C21: N/A | D21: PEQUEÑA EMPRESA | E21: fecha de matricula 12 de septiembre de 1984 | F21: CUMPLE | G21: No Contrato, Contratante, contratista fecha de inicio fecha final | H21: INTERVENTORIA TÉCNICA, ADMINISTRATIVAS Y FINANCIERA AL CONTRATO RESULTANTE DE LA LICITACIÓN PÚBLICA No. LP - 002 DE 2019 CUYO OBJETO ES LA OPTIMIZACIÓN Y MODERNIZACIÓN DEL SISTEMA DE ALUMBRADO PÚBLICO EN EL MUNICIPIO DE SAN LUIS DE CUBARRAL, DEPARTAMENTO DEL META 30/12/2019 04/05/2020 CODIGO UNSPSC 811017 801015 801016 831018 721515 | I21: 135 | J21: INTERVENTORÍA TÉCNICA, LEGAL, ADMINISTRATIVA, FINANCIERA Y AMBIENTAL PARA LA CONSTRUCCIÓN DE REDES ELÉCTRICAS Y OPTIMIZACIÓN DE ALUMBRADO PUBLICO EN EL MUNICIPIO DE CASTILLA LA NUEVA. 30/06/2016 24/01/2017 CODIGO UNSPSC 811017 801015 801016 831018 721515 | K21: 83 | R21: 2 | T21: CUMPLE
G22: Valor (SMMLV) | H22: 112.58 | J22: 308.78 | S22: =AVERAGE(H22,J22) -> 210.68
A23: 8 | B23: CONSORCIO ALUMBRADO PUBLICO CM 001 2025 | C23: CAMILO ANDRÉS ÁNGEL SALDARRIAGA 50% | D23: PEQUEÑA EMPRESA | E23: Fecha de inscripción en el registro de proponentes 03/06/2009 | F23: CUMPLE | G23: No Contrato, Contratante, contratista fecha de inicio fecha final | H23: INTERVENTORÍA TÉCNICA, ADMINISTRATIVA, FINANCIERA, CONTABLE, LEGAL Y AMBIENTAL A LOS CONTRATOS DE OBRA PARA LA REHABILITACIÓN, MANTENIMIENTO Y SEÑALIZACIÓN DE LA MALLA VIAL Y MEJORAMIENTO DE LA MOVILIDAD PEATONAL Y A LA CONSTRUCCIÓN DE ESTRUCTURAS HIDRÁULICAS, OBRAS DE INFRAESTRUCTURA VIAL Y COMPLEMENTARIA EN LA QUEBRADA LA TABLAZA A LO LARGO DE LA CALLE 48 ENTRE CARRERAS 56 Y 58 EN EL MUNICIPIO DE ITAGÜÍ 03/09/2018 02/12/2019 CODIGO UNSPSC 801015 801016 811017 El proponente subsana. La organización valida que el contrato no tiene relación con el objeto, sin embargo su ALCANCE tiene relación con la interventoría de redes de "ALUMBRADO PÚBLICO", y/o construcción y/o mantenimiento de "ALUMBRADO PÚBLICO" | I23: 105 Camilo | J23: INTERVENTORÍA TÉCNICA, ADMINISTRATIVA, JURÍDICA, FINANCIERA, AMBIENTAL Y CONTABLE A LA CONSTRUCCIÓN DEL INTERCAMBIO VIAL DE LA CARRERA 50A CON CALLES 36 Y 37B, SECTOR INDUAMÉRICA MUNICIPIO DE ITAGÜÍ, DEPARTAMENTO DE ANTIOQUIA 05/09/2019 31/07/2021 CODIGO UNSPSC 811017 801015 801016 El proponente NO subsana. La organización valida que el contrato NO tiene relación con el objeto, y TAMPOCO el alcance tiene relación con la interventoría de redes de "ALUMBRADO PÚBLICO", y/o construcción y/o mantenimiento de "ALUMBRADO PÚBLICO" | K23: 114 Camilo | L23: Interventoría técnica, administrativa, financiera y ambiental para la construcción de ciclo-infraestructura y estación saludable para la conexión del corredor quebrada doña maría y algunas estaciones del metro plus en jurisdicción del municipio de Itagüí, y mejoramiento de las zonas de influencia del centro de Itagüí, en cuanto a la remodelación de andenes espacio público e iluminación. 04/07/2017 15/04/2018 CODIGO UNSPSC 811017 801015 80101 El proponente NO subsana. La organización valida que el contrato NO tiene relación con el objeto, y TAMPOCO el alcance tiene relación con la interventoría de redes de "ALUMBRADO PÚBLICO", y/o construcción y/o mantenimiento de "ALUMBRADO PÚBLICO" La mención de “iluminación” en el objeto contractual NO implica necesariamente la Interventoría de Redes de ALUMBRADO PÚBLICO, y/o Construcción y/o Mantenimiento de ALUMBRADO PÚBLICO. Según el Decreto 1073 de 2015 y la Resolución CREG 123 de 2013, el alumbrado público tiene una definición y regulación específica, y solo aplica cuando se trata de infraestructura instalada y operada por el municipio para garantizar visibilidad en el espacio público conforme a los estándares técnicos vigentes. | M23: 26 Acero | N23: INTERVENTORÍA A LA CONSTRUCCIÓN DE OBRAS DE GENERACIÓN Y MEJORAMIENTO PARA LA RECUPERACIÓN DEL PARQUE PRINCIPAL DEL CORREGIMIENTO DE SAN ANTONIO DE PRADO Y OBRAS COMPLEMENTARIAS. 21/12/2015 24/05/2017 CODIGO UNSPSC 811017 801015 801016 831018 721515 El proponente NO subsana. La organización valida que el contrato NO tiene relación con el objeto, y TAMPOCO el alcance tiene relación con la interventoría de redes de "ALUMBRADO PÚBLICO", y/o construcción y/o mantenimiento de "ALUMBRADO PÚBLICO" | O23: 86 Camilo | P23: INTERVENTORÍA TÉCNICA, ADMINISTRATIVA, FINANCIERA, AMBIENTAL, CONTABLE Y JURÍDICA A LAS OBRAS DE CONSTRUCCION DEL INTERCAMBIO VIAL DE LA CARRERA 80 DEL MUNICIPIO DE MEDELLIN - ETAPA 2 21/01/2013 30/12/2013 CODIGO UNSPSC 811017 801015 801016 El proponente NO subsana. La organización valida que el contrato NO tiene relación con el objeto, y TAMPOCO el alcance tiene relación con la interventoría de redes de "ALUMBRADO PÚBLICO", y/o construcción y/o mantenimiento de "ALUMBRADO PÚBLICO" | Q23: 49 Camilo | R23: =+COUNTIF(H26:P26,"<>")+COUNTIF(H24:P24,"<>") -> 5 | S23: =(SUM(H24:P24)+SUM(H26:P26))/R23 -> 1758.66 | T23: NO CUMPLE | U23: Para este caso el Proponente Acero y Contrato SAS como consorciante del 50% del Consorcio Alumbrado Público suministra un solo contrato cuyo objeto con La mención de “iluminación” NO implica necesariamente la Interventoría de Redes de ALUMBRADO PÚBLICO, y/o Construcción y/o Mantenimiento de ALUMBRADO PÚBLICO. Según el Decreto 1073 de 2015 y la Resolución CREG 123 de 2013, el alumbrado público tiene una definición y regulación específica, y solo aplica cuando se trata de infraestructura instalada y operada por el municipio para garantizar visibilidad en el espacio público conforme a los estándares técnicos vigentes. El consorciante CAMILO subsana con un solo contrato y La organización valida que el contrato no tiene relación con el objeto, sin embargo su ALCANCE tiene relación con la interventoría de redes de "ALUMBRADO PÚBLICO", y/o construcción y/o mantenimiento de "ALUMBRADO PÚBLICO". Por todo lo anterior y basado en el pliego de condiciones definidoo para este concurso de méritos en le numeral 4.3.2.1 EXPERIENCIA GENERAL PROPONENTE PLURAL: ...() El valor a acreditar por cada uno de los integrantes del consorcio, unión temporal u otra forma de asociación permitida por la ley, deberá corresponder a su porcentaje de participación en la forma asociativa y expresada en Salarios Mínimos Mensuales Legales Vigentes (SMMLV). En todo caso, cada integrante deberá acreditar como mínimo un (1) contrato, independientemente del número de integrantes de la forma asociativa. Si el proponente plural se conforma por un número mayor al número de contratos solicitados, el proponente informará cuales de los contratos aportados se deberán tener en cuenta para la verificación de la experiencia, sin perjuicio en todo caso de que, a cada uno de los integrantes de la forma asociativa, le corresponde acreditar un (1) contrato que corresponda a su porcentaje de participación en el correspondiente proponente plural.
C25: ACERO Y CONCRETO S.A.S 50% | D25: MEDIANA EMPRESA | E25: fecha de matricula 07 de diciembre de 2000 | F25: CUMPLE
G26: Valor (SMMLV) | H26: 1814.28 | J26: 4601.42 | L26: 610.28 | N26: 1099.12 | P26: 668.2
A27: 9 | B27: CONSORCIO INTER ALUMBRADO A&J | C27: ALTA CONSTRUCCIÓN S.A.S 50% | D27: MICRO EMPRESA | E27: Fecha de matrícula 18 de febrero de 2016 | F27: CUMPLE | G27: No Contrato, Contratante, contratista fecha de inicio fecha final | H27: INTERVENTORÍA TÉCNICA, FINANCIERA,ADMINISTRATIVA AMBIENTAL Y JURÍDICA PARA LAS OBRAS DE CONSTRUCCIÓN Y/O AMPLIACIÓN Y/O REHABILITACIÓN DE VIAS Y OBRAS COMPLEMENTARIAS DESDE LA GLORIETA COMANDO DE POLICIA EL PORVENIR HASTA LA GLORIETA TANQUE ABREO (TRAMO 11.1.2) 07/10/2021 31/12/2021 CODIGO UNSPSC 801015 801016 721515 SUBSANAR Y/O ACLARAR: El objeto del presente contrato no tiene relación con el objeto solicitado " la Interventoría de Redes de Alumbrado Público, y/o Construcción y/o Mantenimiento de Alumbrado Público El proponente NO subsana. La organización valida que el contrato NO tiene relación con el objeto, y TAMPOCO el alcance tiene relación con la interventoría de redes de "ALUMBRADO PÚBLICO", y/o construcción y/o mantenimiento de "ALUMBRADO PÚBLICO" Literalmente "ALUMBRADO PÚBLICO" NO aparece dentro del objeto ni alcance de la propuesta presentada. La mención de “actividades relacionadas" NO implica necesariamente la Interventoría de Redes de ALUMBRADO PÚBLICO, y/o Construcción y/o Mantenimiento de ALUMBRADO PÚBLICO. | I27: 50 Alta Construcción | J27: INTERVENTORÍA TÉCNICA, ADMINISTRATIVA, FINANCIERA, JURIDICA Y AMBIENTAL A LA RECONSTRUCCIÓN DEL PAVIMENTO RIGIDO, ANDENES Y ESPACIO PÚBLICO DE LA AVENIDA CIRCUNVALAR ENTRE LA CARRERA 5 Y CARRERA 14 DE LA CIUDAD DE MONTERIA. DEPARTAMENTO DE CÓRDOBA 03/10/2018 09/12/2019 CODIGO UNSPSC 811017 801016 831018 El valor de este contrato es de 1290,77 SMMLV, sin embago su participacion es del 50% lo que equivale a 645,38 -SUBSANAR: El objeto del presente contrato no tiene relación con el objeto solicitado " la Interventoría de Redes de Alumbrado Público, y/o Construcción y/o Mantenimiento de Alumbrado Público El proponente NO subsana. La organización valida que el contrato NO tiene relación con el objeto, y TAMPOCO el alcance tiene relación con la interventoría de redes de "ALUMBRADO PÚBLICO", y/o construcción y/o mantenimiento de "ALUMBRADO PÚBLICO" Literalmente "ALUMBRADO PÚBLICO" NO aparece dentro del objeto ni alcance de la propuesta presentada. La mención de “actividades relacionadas" NO implica necesariamente la Interventoría de Redes de ALUMBRADO PÚBLICO, y/o Construcción y/o Mantenimiento de ALUMBRADO PÚBLICO. | K27: 42 Consorcio Transformar Vial 1803 | R27: =+COUNTIF(H30:P30,"<>")+COUNTIF(H28:P28,"<>") -> 2 | S27: =(SUM(H28:P28)+SUM(H30:P30))/R27 -> 671.12 | T27: NO CUMPLE | U27: Los contratos NO tienen relación con el objeto, y TAMPOCO con el objeto de este concurso de merito "Interventoría de redes de "ALUMBRADO PÚBLICO", y/o construcción y/o mantenimiento de "ALUMBRADO PÚBLICO" Literalmente "ALUMBRADO PÚBLICO" NO aparece dentro del objeto ni alcance de la propuesta presentada. La mención de “actividades relacionadas" NO implica necesariamente la Interventoría de Redes de ALUMBRADO PÚBLICO, y/o Construcción y/o Mantenimiento de ALUMBRADO PÚBLICO. Según el Decreto 1073 de 2015 y la Resolución CREG 123 de 2013, el alumbrado público tiene una definición y regulación específica, y solo aplica cuando se trata de infraestructura instalada y operada por el municipio para garantizar visibilidad en el espacio público conforme a los estándares técnicos vigentes.
C29: JET INGENIERÍA SAS 50% | D29: MEDIANA EMPRESA | E29: Fecha de matrícula 05 de agosto de 2004 | F29: CUMPLE
G30: Valor (SMMLV) | H30: 696.86 | J30: 645.38

Sheet CAPACIDAD FINANCIERA Y ORGANIZA
A1: MUNICIPIO DE RIONEGRO
A2: SECRETARIA DE DESARROLLO TERRITORIAL
A3: CM 001 2025 INTERVENTORÍA TÉCNICA, ADMINISTRATIVA Y FINANCIERA PARA LA VIGILANCIA Y CONTROL DE LA ADMINISTRACIÓN, OPERACIÓN, MANTENIMIENTO, EXPANSIÓN Y ACTIVIDADES CONEXAS COMPLEMENTARIAS, ASOCIADAS AL SISTEMA DE ALUMBRADO PÚBLICO DEL MUNICIPIO DE RIONEGRO.
A4: CAPACIDAD FINANCIERA Y CAPACIDAD ORGANIZACIONAL
A8: PRESUPUESTO: 357.399.062
D9: CAPACIDAD FINANCIERA | K9: CAPACIDAD ORGANIZACIONAL
A10: N° | B10: PROPONENTE | C10: INTEGRANTES | D10: LIQUIDEZ > o igual a 1,20 | F10: ENDEUDAMIENTO < o igual a 0,60 | H10: RAZÓN DE CORBERTURAS DE INTERÉS > o igual a 2.00 | J10: CUMPLE/NO CUMPLE | K10: RENTABILIDAD PATRIMONIO > o igual a 0,02 | L10: RENTABILIDAD. ACTIVO > o igual a 0,01 | M10: CUMPLE/NO CUMPLE
A11: 1 | B11: FLUXES INGENIERIA SAS S.A.S.. NIT 901255513-1 | C11: N/A | D11: 2.94 | F11: 0.35 | H11: indeterminado | J11: CUMPLE | K11: 0.92 | L11: 0.6 | M11: CUMPLE
A12: 2 | B12: GAM INGENIERIA SAS C.C. 900854459-6 | C12: N/A | D12: 886.97 | F12: 0.46 | H12: indeterminado | J12: CUMPLE | K12: 0.18 | L12: 0.1 | M12: CUMPLE
A13: 3 | B13: HCR INGENIEROS SAS 900602753-6 | C13: N/A | D13: 7.02 | F13: 0.17 | H13: 1336.33 | J13: CUMPLE | K13: 0.23 | L13: 0.19 | M13: CUMPLE
A14: 4 | B14: NOGAALL S.A.S NIT 830090010-1 | C14: N/A | D14: 3.71 | F14: 0.49 | H14: 22.33 | J14: CUMPLE | K14: 0.22 | L14: 0.11 | M14: CUMPLE
A15: 5 | B15: S&M SAS 829000511-1 | C15: N/A | D15: 9.47 | F15: 0.07 | H15: 82.52 | J15: CUMPLE | K15: 0.55 | L15: 0.5 | M15: CUMPLE
A16: 6 | B16: SECOB SAS 900115339-0 | C16: N/A | D16: 10.83 | F16: 0.08 | H16: 386.28 | J16: CUMPLE | K16: 0.26 | L16: 0.24 | M16: CUMPLE
A17: 7 | B17: SINCREL SAS 892002708-1 | C17: N/A | D17: 4.04 | F17: 0.48 | H17: 4.01 | J17: CUMPLE | K17: 0.37 | L17: 0.19 | M17: CUMPLE
A18: 8 | B18: CONSORCIO ALUMBRADO PUBLICO CM 001 2025 | C18: CAMILO ANDRÉS ÁNGEL SALDARRIAGA 50% | D18: 31.48 | E18: =((D18*0.5)+(D19*0.5))/(0.5+0.5) -> 17.535 | F18: 0.18 | G18: =((F18*0.5)+(F19*0.5))/(0.5+0.5) -> 0.265 | H18: 8.38 | I18: =((H18*0.5+H19*0.5))/(0.5+0.5) -> 6.165 | J18: CUMPLE | K18: 0.09 | L18: 0.07 | M18: CUMPLE
C19: ACERO Y CONCRETO S.A.S 50% | D19: 3.59 | F19: 0.35 | H19: 3.95 | J19: CUMPLE | K19: 0.13 | L19: 0.08 | M19: CUMPLE
A20: 9 | B20: CONSORCIO INTER ALUMBRADO A&J | C20: ALTA CONSTRUCCIÓN S.A.S 50% | D20: 1.52 | E20: =((D20*0.5)+(D21*0.5))/(0.5+0.5) -> 2.26 | F20: 0.68 | G20: =((F20*0.5)+(F21*0.5))/(0.5+0.5) -> 0.535 | H20: 131.02 | I20: =((H20*0.5+H21*0.5))/(0.5+0.5) -> 68.625 | J20: CUMPLE | K20: 0.57 | L20: 0.18 | M20: CUMPLE
C21: JET INGENIERÍA SAS 50% | D21: 3 | F21: 0.39 | H21: 6.23 | K21: 0.23 | L21: 0.14 | M21: CUMPLE

Sheet EXPERIENCIA  PERSONAL CLAVE EVA
A1: MUNICIPIO DE RIONEGRO
A2: SECRETARIA DE DESARROLLO TERRITORIAL
A3: CM 001 2025 INTERVENTORÍA TÉCNICA, ADMINISTRATIVA Y FINANCIERA PARA LA VIGILANCIA Y CONTROL DE LA ADMINISTRACIÓN, OPERACIÓN, MANTENIMIENTO, EXPANSIÓN Y ACTIVIDADES CONEXAS COMPLEMENTARIAS, ASOCIADAS AL SISTEMA DE ALUMBRADO PÚBLICO DEL MUNICIPIO DE RIONEGRO.
A4: 4.3.3 EXPERIENCIA Y FORMACIÓN ACADÉMICA DEL EQUIPO DE TRABAJO (Personal Clave Evaluable): Se entiende por Personal Clave Evaluable para el presente proceso los siguientes perfiles: - DIRECTOR DE INTERVENTORÍA - RESIDENTE ELECTRICISTA 1 - RESIDENTE ELECTRICISTA 2 Durante el desarrollo del Proceso de Contratación NO se evaluarán los soportes de los perfiles requeridos, por lo que no serán exigidos como parte de los documentos que conformen la propuesta. En tal sentido, para habilitarse en el Proceso de Contratación, el Proponente deberá cumplir las siguientes reglas: I. Aportar y diligenciar en forma clara, completa, correcta y legible el ANEXO 15 “Aceptación y cumplimiento de la formación académica y la experiencia del personal clave evaluable”, de acuerdo con los requisitos y condiciones que allí se indican y demás señaladas en el presente Pliego de Condiciones y sus documentos anexos. II. El ANEXO 15 – “Aceptación y cumplimiento de la formación académica y la experiencia del personal clave evaluable” debe suscribirlo el Proponente persona natural, representante legal de la persona jurídica o representante del Proponente Plural. Las condiciones de formación académica y experiencia de los perfiles del personal integrante del equipo de trabajo denominado Personal Clave Evaluable se encuentran en las especificaciones técnicas del presente documento. Estas condiciones serán verificadas antes de la firma del acta de inicio del contrato, pues se constituye requisito dicha verificación para dar inicio al mismo. Nota 1: El Proponente en la etapa de selección no deberá allegar con su propuesta documentos soporte, hojas de vida, ni certificaciones de los profesionales y del equipo de trabajo que considerará para el futuro contrato, ya que serán verificados con posterioridad a la celebración del contrato. Nota 2: Los documentos aportados en el presente acápite podrán tenerse en cuenta para demostrar el cumplimiento de los criterios de evaluación y asignación de puntaje, sin perjuicio de las reglas de subsanación dispuestas en el presente Pliego de Condiciones.
B5: N° Propuesta | C5: PROPONENTE | D5: MUNICIPIO DE RONEGRO - CONCURSO DE MÉRITOS CM 001 - 2025 | F5: Observaciones | G5: CUMPLE/ NO CUMPLE
D6: PERSONAL CLAVE EVALUABLE
B7: 1 | C7: FLUXES INGENIERIA SAS S.A.S.. NIT 901255513-1 | D7: DIRECTOR DE INTERVENTORÍA | F7: El proponente presenta Anexo 15 aceptación y cumplimiento de la formación académica y experiencia del personal clave evaluable, suscrito por el representante legal. | G7: Cumple
D8: RESIDENTE ELECTRICISTA 1
D9: RESIDENTE ELECTRICISTA 2
B10: 2 | C10: GAM INGENIERIA SAS C.C. 900854459-6 | D10: DIRECTOR DE INTERVENTORÍA | F10: El proponente presenta Anexo 15 aceptación y cumplimiento de la formación académica y experiencia del personal clave evaluable, suscrito por el representante legal. | G10: Cumple
D11: RESIDENTE ELECTRICISTA 1
D12: RESIDENTE ELECTRICISTA 2
B13: 3 | C13: HCR INGENIEROS SAS 900602753-6 | D13: DIRECTOR DE INTERVENTORÍA | F13: El proponente NO presentó Anexo No. 15 de aceptación y cumplimiento de la formación académica y experiencia del personal clave evaluable. Subsanó aportando el anexo Anexo 15 aceptación y cumplimiento de la formación académica y experiencia del personal clave evaluable, suscrito por el representante legal. | G13: Cumple
D14: RESIDENTE ELECTRICISTA 1
D15: RESIDENTE ELECTRICISTA 2
B16: 4 | C16: NOGAALL S.A.S NIT 830090010-1 | D16: DIRECTOR DE INTERVENTORÍA | F16: El proponente presenta Anexo 15 aceptación y cumplimiento de la formación académica y experiencia del personal clave evaluable, suscrito por el representante legal. | G16: Cumple
D17: RESIDENTE ELECTRICISTA 1
D18: RESIDENTE ELECTRICISTA 2
B19: 5 | C19: SERVICIOS Y MANTENIMIENTOS S & M SAS 829000511-1 | D19: DIRECTOR DE INTERVENTORÍA | F19: El proponente presenta Anexo 15 aceptación y cumplimiento de la formación académica y experiencia del personal clave evaluable, suscrito por el representante legal. | G19: Cumple
D20: RESIDENTE ELECTRICISTA 1
D21: RESIDENTE ELECTRICISTA 2
B22: 6 | C22: SERVICIOS DE CONSULTORIA OBRAS Y BIENES SAS 900115339-0 | D22: DIRECTOR DE INTERVENTORÍA | F22: El proponente presenta Anexo 15 aceptación y cumplimiento de la formación académica y experiencia del personal clave evaluable, suscrito por el representante legal. | G22: Cumple
D23: RESIDENTE ELECTRICISTA 1
D24: RESIDENTE ELECTRICISTA 2
B25: 7 | C25: SOCIEDAD DE INGENIEROS CONTRATISTAS RAMO ELECTRICO S.A.S SINCREL SAS 892002708-1 | D25: DIRECTOR DE INTERVENTORÍA | F25: El proponente presenta Anexo 15 aceptación y cumplimiento de la formación académica y experiencia del personal clave evaluable, suscrito por el representante legal. | G25: Cumple
D26: RESIDENTE ELECTRICISTA 1
D27: RESIDENTE ELECTRICISTA 2
B28: 8 | C28: CONSORCIO ALUMBRADO PUBLICO CM 001 2025 | D28: DIRECTOR DE INTERVENTORÍA | F28: El proponente presenta Anexo 15 aceptación y cumplimiento de la formación académica y experiencia del personal clave evaluable, suscrito por el representante legal. | G28: Cumple
D29: RESIDENTE ELECTRICISTA 1
D30: RESIDENTE ELECTRICISTA 2
B31: 9 | C31: CONSORCIO INTER ALUMBRADO A&J | D31: DIRECTOR DE INTERVENTORÍA | F31: El proponente presenta Anexo 15 aceptación y cumplimiento de la formación académica y experiencia del personal clave evaluable, suscrito por el representante legal. | G31: Cumple
D32: RESIDENTE ELECTRICISTA 1
D33: RESIDENTE ELECTRICISTA 2

Sheet OFERTA ECONÓMICA
A1: MUNICIPIO DE RIONEGRO
A2: SECRETARIA DE DESARROLLO TERRITORIAL
A3: CM 001 2025 INTERVENTORÍA TÉCNICA, ADMINISTRATIVA Y FINANCIERA PARA LA VIGILANCIA Y CONTROL DE LA ADMINISTRACIÓN, OPERACIÓN, MANTENIMIENTO, EXPANSIÓN Y ACTIVIDADES CONEXAS COMPLEMENTARIAS, ASOCIADAS AL SISTEMA DE ALUMBRADO PÚBLICO DEL MUNICIPIO DE RIONEGRO.
A4: PRESUPUESTO: $357.399.062 VALOR DEL CONTRATO EN SMMLV: 251,07
A5: PROPUESTA | B5: PROPONENTE | C5: CONSORCIO | D5: VALOR PROPUESTA | E5: CUMPLE / NO CUMPLE
A6: 1 | B6: FLUXES INGENIERIA SAS S.A.S.. NIT 901255513-1 | C6: NO | D6: 356886751 | E6: CUMPLE
A9: 2 | B9: GAM INGENIERIA SAS C.C. 900854459-6 | C9: NO | D9: 357362886 | E9: CUMPLE
A10: 3 | B10: HCR INGENIEROS SAS 900602753-6 | C10: NO | D10: 357390970 | E10: CUMPLE
A11: 4 | B11: NOGAALL S.A.S NIT 830090010-1 | C11: NO | D11: 357399062 | E11: CUMPLE
A12: 5 | B12: S & M SAS 829000511-1 | C12: NO | D12: 354802006 | E12: CUMPLE
A13: 6 | B13: SECOB SAS 900115339-0 | C13: NO | D13: 357399062 | E13: CUMPLE
A14: 7 | B14: SINCREL SAS 892002708-1 | C14: NO | D14: 357384782 | E14: CUMPLE
A15: 8 | B15: CONSORCIO ALUMBRADO PUBLICO CM 001 2025 | C15: SI | D15: 357399062 | E15: CUMPLE
A17: 9 | B17: CONSORCIO INTER ALUMBRADO A&J | C17: SI | D17: 357399062 | E17: CUMPLE

Sheet PROPONENTES HABILITADOS
A1: PROPONENTES HABILITADOS
A2: N° | B2: PROPONENTE | C2: CAPACIDAD JURIDICA | D2: EXPERIENCIA | E2: PERSONAL CLAVE EVALUABLE | F2: OFERTA ECONOMICA | G2: CAPACIDAD FINANCIERA | H2: CAPACIDAD ORGANIZACIONAL | I2: PROPUESTAS HABILITADAS
A4: 1 | B4: FLUXES INGENIERIA SAS S.A.S.. NIT 901255513-1 | C4: CUMPLE | D4: CUMPLE | E4: CUMPLE | F4: CUMPLE | G4: CUMPLE | H4: CUMPLE | I4: HABILITADO
A5: 2 | B5: GAM INGENIERIA SAS C.C. 900854459-6 | C5: CUMPLE | D5: CUMPLE | E5: CUMPLE | F5: CUMPLE | G5: CUMPLE | H5: CUMPLE | I5: HABILITADO
A6: 3 | B6: HCR INGENIEROS SAS 900602753-6 | C6: CUMPLE | D6: CUMPLE | E6: CUMPLE | F6: CUMPLE | G6: CUMPLE | H6: CUMPLE | I6: HABILITADO
A7: 4 | B7: NOGAALL S.A.S NIT 830090010-1 | C7: CUMPLE | D7: CUMPLE | E7: CUMPLE | F7: CUMPLE | G7: CUMPLE | H7: CUMPLE | I7: HABILITADO
A8: 5 | B8: S & M SAS 829000511-1 | C8: CUMPLE | D8: CUMPLE | E8: CUMPLE | F8: CUMPLE | G8: CUMPLE | H8: CUMPLE | I8: HABILITADO
A9: 6 | B9: SECOB SAS 900115339-0 | C9: CUMPLE | D9: CUMPLE | E9: CUMPLE | F9: CUMPLE | G9: CUMPLE | H9: CUMPLE | I9: HABILITADO
A10: 7 | B10: SINCREL SAS 892002708-1 | C10: CUMPLE | D10: CUMPLE | E10: CUMPLE | F10: CUMPLE | G10: CUMPLE | H10: CUMPLE | I10: HABILITADO
A11: 8 | B11: CONSORCIO ALUMBRADO PUBLICO CM 001 2025 | C11: CUMPLE | D11: NO CUMPLE | E11: CUMPLE | F11: CUMPLE | G11: CUMPLE | H11: CUMPLE | I11: NO HABILITADO
A12: 9 | B12: CONSORCIO INTER ALUMBRADO A&J | C12: CUMPLE | D12: NO CUMPLE | E12: CUMPLE | F12: CUMPLE | G12: CUMPLE | H12: CUMPLE | I12: NO HABILITADO

Sheet EXPERIENCIA HABILITADOS
G1: Puntaje máximo a asignar | I1: 500
A2: PROPONENTE HABILITADO | B2: OFERTA ECONÓMICA | C2: PROMEDIO SMMLV | G2: Proporción
A3: NOGAALL S.A.S NIT 830090010-1 | B3: 357399062 | C3: 470.95 | D3: =+AVERAGE(C3:C4) -> 589.82 | E3: =+AVERAGE(C5:C8) -> 621.1675 | F3: =+(D3+E3)/2 -> 605.49375 | G3: =+IF(C3>=$F$3,1-2*((ABS($F$3-C3)/$F$3)),1-(($F$3-C3)/$F$3)) -> 0.77779498 | H3: =+IF(G3>=0,G3*$I$1,0) -> 388.89749
A4: SECOB SAS 900115339-0 | B4: 357399062 | C4: 708.69 | G4: =+IF(C4>=$F$3,1-2*((ABS($F$3-C4)/$F$3)),1-(($F$3-C4)/$F$3)) -> 0.65913356 | H4: =+IF(G4>=0,G4*$I$1,0) -> 329.56678
A5: HCR INGENIEROS SAS 900602753-6 | B5: 357390970 | C5: 565.66 | G5: =+IF(C5>=$F$3,1-2*((ABS($F$3-C5)/$F$3)),1-(($F$3-C5)/$F$3)) -> 0.93421278 | H5: =+IF(G5>=0,G5*$I$1,0) -> 467.10639
A6: SINCREL SAS 892002708-1 | B6: 357384782 | C6: 210.68 | G6: =+IF(C6>=$F$3,1-2*((ABS($F$3-C6)/$F$3)),1-(($F$3-C6)/$F$3)) -> 0.34794744 | H6: =+IF(G6>=0,G6*$I$1,0) -> 173.97372
A7: FLUXES INGENIERIA SAS S.A.S.. NIT 901255513-1 | B7: 356886751 | C7: 606.9 | G7: =+IF(C7>=$F$3,1-2*((ABS($F$3-C7)/$F$3)),1-(($F$3-C7)/$F$3)) -> 0.99535503 | H7: =+IF(G7>=0,G7*$I$1,0) -> 497.67752
A8: S & M SAS 829000511-1 | B8: 354802006 | C8: 1101.43 | G8: =+IF(C8>=$F$3,1-2*((ABS($F$3-C8)/$F$3)),1-(($F$3-C8)/$F$3)) -> -0.63812178 | H8: =+IF(G8>=0,G8*$I$1,0) -> 0
A11: Nota: Se presentan dos proponentes con las ofertas más altas, por lo cual, se calcula el promedio entre ambos del promedio de los contratos en SMMLV
A15: PROPONENTE HABILITADO | B15: OFERTA ECONÓMICA | C15: PROMEDIO SMMLV | G15: Proporción | H15: Puntaje máximo a asignar | J15: Puntaje Máximo
A16: SECOB SAS 900115339-0 | B16: 357399062 | C16: 708.69 | D16: =C16 -> 708.69 | E16: =AVERAGE(C17,C18,C19,C20,C21) -> 551.924 | F16: =(D16+E16)/2 -> 630.307 | G16: =+IF(C16>=$F$16,1-2*((ABS($F$16-C16)/$F$16)),1-(($F$16-C16)/$F$16)) -> 0.75128628 | H16: =+IF(G16>=0,G16*$J$16,0) -> 375.64314 | J16: 500
A17: HCR INGENIEROS SAS 900602753-6 | B17: 357390970 | C17: 565.66 | G17: =+IF(C17>=$F$16,1-2*((ABS($F$16-C17)/$F$16)),1-(($F$16-C17)/$F$16)) -> 0.89743569 | H17: =+IF(G17>=0,G17*$J$16,0) -> 448.71785
A18: NOGAALL S.A.S NIT 830090010-1 | B18: 357399062 | C18: 470.95 | G18: =+IF(C18>=$F$16,1-2*((ABS($F$16-C18)/$F$16)),1-(($F$16-C18)/$F$16)) -> 0.74717558 | H18: =+IF(G18>=0,G18*$J$16,0) -> 373.58779
A19: SINCREL SAS 892002708-1 | B19: 357384782 | C19: 210.68 | G19: =+IF(C19>=$F$16,1-2*((ABS($F$16-C19)/$F$16)),1-(($F$16-C19)/$F$16)) -> 0.33424982 | H19: =+IF(G19>=0,G19*$J$16,0) -> 167.12491
A20: S & M SAS 829000511-1 | B20: 354802006 | C20: 1101.43 | G20: =+IF(C20>=$F$16,1-2*((ABS($F$16-C20)/$F$16)),1-(($F$16-C20)/$F$16)) -> -0.4949001 | H20: =+IF(G20>=0,G20*$J$16,0) -> 0
A21: GAM INGENIERIA SAS C.C. 900854459-6 | B21: 357362886 | C21: 410.9 | G21: =+IF(C21>=$F$16,1-2*((ABS($F$16-C21)/$F$16)),1-(($F$16-C21)/$F$16)) -> 0.65190455 | H21: =+IF(G21>=0,G21*$J$16,0) -> 325.95227
A22: FLUXES INGENIERIA SAS S.A.S.. NIT 901255513-1 | B22: 356886751 | C22: 606.9 | D22: Según el capitulo 5.1.1 del pliego de condiciones de este concurso: ...() Cuando un Proponente haya subsanado la totalidad de los contratos aportados, su oferta no será tenida en cuenta para aplicar las fórmulas para la ponderación de la experiencia del Proponente, por lo que, además, por este criterio de asignación de puntaje obtendrá cero (0) puntos | H22: 0
A24: Nota: Se presentan dos proponentes con las ofertas más altas, por lo cual, se calcula el promedio entre ambos del promedio de los contratos en SMMLV
A26: Contratos válidos con las propuestas más altas y que no fueron objeto de subsanación
A27: Contratos de las otras propuestas habilitadas y que no fueron objeto de subsanación
A29: MEDIA ARITMÉTICA ALTA
E30: Rango (inclusive) | F30: Número | G30: Método
E31: De 0.00 a 0.24 | F31: 1 | G31: Mediana con valor absoluto
E32: De 0.25 a 0.49 | F32: 2 | G32: Media geométrica
E33: De 0.50 a 0.74 | F33: 3 | G33: Media aritmética alta
E34: De 0.75 a 0.99 | F34: 4 | G34: Media aritmética baja

Sheet PONDERACION 
D2: Concepto | E2: Puntaje máximo
D3: Experiencia del Proponente | E3: 500
D4: Equipo de trabajo (Personal Clave Evaluable) | E4: 285
D5: Apoyo a la industria nacional | E5: 200
D6: Vinculación de personas con discapacidad | E6: 10
D7: Emprendimientos y empresas de mujeres | E7: 2.5
D8: Mipyme domicialiada en Colombia | E8: 2.5
D9: Total | E9: 1000
D10: Multas y sanciones | E10: -20
D11: Registro Nacional de Obras Inconclusas | E11: -10
A13: CRITERIO DE CALIFICACION Y PONDERACIÓN
A15: No | B15: PROPONENTES | D15: HABILITADA/ NO HABILITADA | F15: EXPERIENCIA DEL PROPONENTE (MAXIMO 500) | G15: EQUIPO DE TRABAJO (Personal clave) ( 285) | I15: APOYO A LA INDUSTRIA ( 200 PUNTOS) | J15: VINCULACIÓN DE PERSONAS CON DISCAPACIDAD ( 10 PUNTOS) | K15: EMPRENDIMIENTOS Y EMPRESAS DE MUJERES (2,5 PUNTOS) | L15: MIPYME DOMICILIADA EN COLOMBIA (2.5 PUNTOS) | M15: SUBTOTAL | N15: MULTAS Y SACIONES (-20 PUNTOS) | O15: Registro Nacional de Obras Inconclusas (-10 PUNTOS) | P15: TOTAL PUNTAJE
C17: INTEGRANTES | E17: PERSONAL | G17: EXPERIENCIA ESPECIFICA ADICIONAL (200 PUNTOS) | H17: FORMACIÓN ACADEMICA ADICIONAL (85 PUNTOS) | I17: PROMOCIÓN DE SERVICIOS NACIONALES O CON TRATO NACIONAL (200 PUNTOS)
A18: 1 | B18: FLUXES INGENIERIA SAS S.A.S.. NIT 901255513-1 | C18: N/A | D18: HABILITADO | E18: DIRECTOR DE INTERVENTORÍA | F18: ='EXPERIENCIA HABILITADOS'!H22 -> 0 | G18: 200 | H18: 85 | I18: 200 | J18: 0 | K18: 0 | L18: 2.5 | M18: =SUM(F18:L18) -> 487.5 | N18: 0 | O18: 0 | P18: =M18-N18-O18 -> 487.5
E19: RESIDENTE ELECTRICISTA 1
E20: RESIDENTE ELECTRICISTA 2
A21: 2 | B21: GAM INGENIERIA SAS C.C. 900854459-6 | C21: N/A | D21: HABILITADO | E21: DIRECTOR DE INTERVENTORÍA | F21: ='EXPERIENCIA HABILITADOS'!H21 -> 325.95227 | G21: 200 | H21: 85 | I21: 200 | J21: 0 | K21: 0 | L21: 2.5 | M21: =SUM(F21:L21) -> 813.45227 | N21: 0 | O21: 0 | P21: =M21-N21-O21 -> 813.45227
E22: RESIDENTE ELECTRICISTA 1
E23: RESIDENTE ELECTRICISTA 2
A24: 3 | B24: HCR INGENIEROS SAS 900602753-6 | C24: N/A | D24: HABILITADO | E24: DIRECTOR DE INTERVENTORÍA | F24: ='EXPERIENCIA HABILITADOS'!H17 -> 448.71785 | G24: 200 | H24: 85 | I24: 200 | J24: 10 | K24: 2.5 | L24: 2.5 | M24: =SUM(F24:L24) -> 948.71785 | N24: 0 | O24: 0 | P24: =M24-N24-O24 -> 948.71785
E25: RESIDENTE ELECTRICISTA 1
E26: RESIDENTE ELECTRICISTA 2
A27: 4 | B27: NOGAALL S.A.S NIT 830090010-1 | C27: N/A | D27: HABILITADO | E27: DIRECTOR DE INTERVENTORÍA | F27: ='EXPERIENCIA HABILITADOS'!H18 -> 373.58779 | G27: 200 | H27: 85 | I27: 200 | J27: 10 | K27: 2.5 | L27: 2.5 | M27: =SUM(F27:L27) -> 873.58779 | N27: 0 | O27: 0 | P27: =M27-N27-O27 -> 873.58779
E28: RESIDENTE ELECTRICISTA 1
E29: RESIDENTE ELECTRICISTA 2
A30: 5 | B30: S & M SAS 829000511-1 | C30: N/A | D30: HABILITADO | E30: DIRECTOR DE INTERVENTORÍA | F30: ='EXPERIENCIA HABILITADOS'!H20 -> 0 | G30: 200 | H30: 85 | I30: 200 | J30: 10 | K30: 0 | L30: 2.5 | M30: =SUM(F30:L30) -> 497.5 | N30: 0 | O30: 0 | P30: =M30-N30-O30 -> 497.5
E31: RESIDENTE ELECTRICISTA 1
E32: RESIDENTE ELECTRICISTA 2
A33: 6 | B33: SECOB SAS 900115339-0 | C33: N/A | D33: HABILITADO | E33: DIRECTOR DE INTERVENTORÍA | F33: ='EXPERIENCIA HABILITADOS'!H16 -> 375.64314 | G33: 200 | H33: 85 | I33: 200 | J33: 10 | K33: 2.5 | L33: 2.5 | M33: =SUM(F33:L33) -> 875.64314 | N33: 0 | O33: 0 | P33: =M33-N33-O33 -> 875.64314
E34: RESIDENTE ELECTRICISTA 1
E35: RESIDENTE ELECTRICISTA 2
A36: 7 | B36: SINCREL SAS 892002708-1 | C36: N/A | D36: HABILITADO | E36: DIRECTOR DE INTERVENTORÍA | F36: ='EXPERIENCIA HABILITADOS'!H19 -> 167.12491 | G36: 200 | H36: 85 | I36: 200 | J36: 0 | K36: 0 | L36: 2.5 | M36: =SUM(F36:L36) -> 654.62491 | N36: 0 | O36: 0 | P36: =M36-N36-O36 -> 654.62491
E37: RESIDENTE ELECTRICISTA 1
E38: RESIDENTE ELECTRICISTA 2
